Cogmind - Beta 14 --- EXPLORER MODE // 2024.10.01 @ 21:05:06 Player: mrjoebobfred Result: Destroyed by H-88 Terminator with Heavy Machine Gun Performance ------------- Evolutions (9) 4500 Regions Visited (28) 5600 Robots Destroyed (808) 4040 Value Destroyed (49200) 49200 Prototype IDs (152) 3040 Alien Tech Used (10) 2000 Bonus (46594) 46594 TOTAL SCORE: 114974 Bonus ------- Fragile Parts 1750 Triggered High Security 500 High Alert Combat Kills 27646 Follower Combat Kills 10025 Network Hubs Disabled 400 Registered with UFD 300 Met Zhirov 300 Met Warlord at Base 500 MAIN.C Attacked Warlord 500 Warlord Defense Kills 588 Built Enhanced Grunts 300 A7 Reached Mainframe 300 Met R17 at Cetus 500 Hacked Protovariant 500 Met R17 at Research 2000 Scanned by Researcher 1000 Pursued by Intercept 2000 Friendly Fire -2515 Cogmind --------- Core Integrity 0/1600 Matter 144/425 Energy 100/100 System Corruption 7% Temperature Cool (12) Movement Core (50) Location -1/Command Parts ------- > --- POWER (2) -------- (None) > --- PROPULSION (4) --- (None) > --- UTILITY (16) ----- (None) > --- WEAPON (4) ------- (None) > --- INVENTORY (5) ---- AEGIS Remote Shield Improved System Restoration Module Peak State ------------ > --- POWER ------------ Improved Quantum Reactor Improved Quantum Reactor > --- PROPULSION ------- High-density Centrium Heavy Treads High-density Centrium Heavy Treads > --- UTILITY ---------- Scrap Suit High-capacity Storage Unit Deep Structural Scanner Makeshift Salvage Targeting Computer Experimental Core Analyzer Experimental Armor Integrity Analyzer Precision Energy Filter Advanced Weapon Cycler Advanced Phase Shifter Experimental Focal Shield Beam Splitter Experimental EM Disruption Field Advanced Hardlight Generator Experimental Hacking Suite Advanced System Shield > --- WEAPON ----------- Overtuned Quantum Rifle Overtuned Quantum Rifle Supercharged Sigix Terminator > --- INVENTORY -------- Experimental Hardlight Generator AEGIS Remote Shield Improved System Restoration Module Integrity Redistributor Integrated Dissipator Spacefold Activator Hypervelocity EM Gauss Rifle Overtuned Quantum Rifle Overtuned Quantum Rifle Vortex Shotgun Enhanced Quantum Rifle Compact HERF Cannon Potential Cannon Potential Cannon Enhanced Gamma Bomb Array Z-bomb Delivery System [Rating: 232] Favorites ----------- Power Improved Quantum Reactor Engine Heavy Ion Engine Power Core Micro Fission Core Reactor Improved Quantum Reactor Propulsion Centrium Heavy Treads Treads Centrium Heavy Treads Leg Flexi-carbon Leg Flight Unit Field Propulsion Array Utility High-capacity Storage Unit Device Scrap Suit Storage High-capacity Storage Unit Processor Experimental Core Analyzer Hackware Improved Hacking Suite Protection Centrium Medium Armor Plating Artifact Phase Armor Weapon Overtuned Beamcaster Energy Gun Overtuned Beamcaster Energy Cannon Core Cannon Ballistic Gun Overtuned Barrage Gun Ballistic Cannon Linear Accelerator Launcher Enhanced Gamma Bomb Array Special Weapon Improved Plasma Cutter Impact Weapon Heavy Hammer Slashing Weapon Axe Build | -11 -10 -10 -9 -9 -9 -9 -6 -6 -6 -6 -6 -5 -5 -5 -5 -4 -4 -4 -4 -4 -3 -3 -3 -3 -2 -2 -1 -1 ------- Run | Yrd Mat Min Mat Sto Rec Scr Fac Ext Cet Arc Hub Fac Upp Upp War Pro Fac Upp Upp Zhi Pro Res Qua Sec Res Tes Acc Com Slots Evolved 19 | . 1 . 2 . . . 6 . . . . 2 . . . . 2 . . . . 2 . . 2 . 2 . Power 1 | . . . . . . . 1 . . . . . . . . . . . . . . . . . . . . . Propulsion 2 | . . . 1 . . . 1 . . . . . . . . . . . . . . . . . . . . . Utility 14 | . 1 . 1 . . . 3 . . . . 2 . . . . 2 . . . . 2 . . 1 . 2 . Weapon 2 | . . . . . . . 1 . . . . . . . . . . . . . . . . . 1 . . . Parts Attached 233 | 7 7 6 10 6 3 8 31 5 7 1 1 23 4 2 6 . 4 . 4 1 . 7 17 32 13 1 7 20 Power 30 | 1 . 2 1 1 . 1 6 . 2 . . 4 . 1 1 . . . . . . . . 8 . . . 2 Engine 11 | 1 . 2 1 1 . 1 4 . . . . 1 . . . . . . . . . . . . . . . . Core 3 | . . . . . . . . . . . . 2 . 1 . . . . . . . . . . . . . . Reactor 16 | . . . . . . . 2 . 2 . . 1 . . 1 . . . . . . . . 8 . . . 2 Propulsion 38 | 2 . 1 6 . 1 2 10 2 2 . . 3 . . . . . . . . . 1 1 . 1 . . 6 Treads 29 | 2 . 1 6 . 1 2 7 2 2 . . 3 . . . . . . . . . 1 1 . 1 . . . Leg 5 | . . . . . . . 3 . . . . . . . . . . . . . . . . . . . . 2 Wheel . | . . . . . . . . . . . . . . . . . . . . . . . . . . . . . Hover . | . . . . . . . . . . . . . . . . . . . . . . . . . . . . . Flight 4 | . . . . . . . . . . . . . . . . . . . . . . . . . . . . 4 Utility 103 | 2 3 2 3 1 2 3 12 3 1 . 1 12 2 . 2 . 4 . 4 1 . 6 10 13 8 . 5 3 Device 55 | . 2 . 1 1 . . 6 3 . . . 4 2 . 1 . 3 . 3 . . 3 7 7 7 . 3 2 Storage 4 | 1 1 . . . 1 1 . . . . . . . . . . . . . . . . . . . . . . Processor 9 | . . . . . . . . . . . . 1 . . . . . . 1 . . . 1 3 1 . 2 . Hackware 14 | . . . . . . 1 3 . . . 1 5 . . . . 1 . . . . 2 . 1 . . . . Protection 19 | 1 . 2 2 . 1 1 3 . 1 . . 2 . . 1 . . . . 1 . 1 2 1 . . . . Artifact 2 | . . . . . . . . . . . . . . . . . . . . . . . . 1 . . . 1 Weapon 62 | 2 4 1 . 4 . 2 3 . 2 1 . 4 2 1 3 . . . . . . . 6 11 4 1 2 9 Energy Gun 21 | 1 . . . . . . 1 . . . . . 2 1 2 . . . . . . . 3 3 3 1 1 3 Energy Cannon 8 | . . . . . . . . . . . . . . . . . . . . . . . 1 3 1 . . 3 Ballistic Gun 21 | 1 4 1 . 2 . 2 1 . 1 1 . 4 . . . . . . . . . . 1 3 . . . . Ballistic Cannon 1 | . . . . . . . . . . . . . . . . . . . . . . . . 1 . . . . Launcher 5 | . . . . 1 . . . . . . . . . . . . . . . . . . . 1 . . . 3 Special Weapon 5 | . . . . . . . 1 . 1 . . . . . 1 . . . . . . . 1 . . . 1 . Impact Weapon 1 | . . . . 1 . . . . . . . . . . . . . . . . . . . . . . . . Slashing Weapon . | . . . . . . . . . . . . . . . . . . . . . . . . . . . . . Piercing Weapon . | . . . . . . . . . . . . . . . . . . . . . . . . . . . . . Special Melee Weapon . | . . . . . . . . . . . . . . . . . . . . . . . . . . . . . Unidentified Prototypes 17 | . . . . . . . 1 . 3 . . . . . 3 . . . . 1 . 1 6 2 . . . . Parts Lost 51 | . . 3 1 . . . 10 . . . . 8 . . . . . . . . . 1 2 7 . 1 . 18 Power 11 | . . 1 . . . . 2 . . . . 2 . . . . . . . . . . . 2 . . . 4 Propulsion 9 | . . . . . . . 3 . . . . 1 . . . . . . . . . . . . . . . 5 Utility 21 | . . 1 1 . . . 3 . . . . 2 . . . . . . . . . 1 . 5 . 1 . 7 Weapon 10 | . . 1 . . . . 2 . . . . 3 . . . . . . . . . . 2 . . . . 2 Highest Loss Streak 18 | . . 2 1 . . . 9 . . . . 3 . . . . . . . . . 1 1 2 . 1 . 18 To Critical Strikes 3 | . . . . . . . . . . . . 1 . . . . . . . . . . . . . 1 . 1 Average Slot Usage (%) 84 | . 99 99 98 100 100 92 86 92 81 81 81 81 83 83 78 77 79 80 79 77 80 79 79 76 79 81 82 83 Engine 2 | . 12 11 10 10 10 8 6 . . . . . . . . . . . . . . . . . . . . . Reactor 4 | . . . . . . . 4 12 12 12 12 6 5 5 5 5 5 5 5 5 5 4 4 7 8 8 7 6 Treads 15 | . 25 25 29 30 30 30 15 24 13 12 12 11 11 11 11 11 10 10 10 10 10 9 9 9 8 8 7 6 Device 18 | . 11 12 10 10 10 10 14 18 18 18 18 10 22 22 22 22 28 30 29 25 25 24 24 17 18 29 31 31 Storage 5 | . 12 12 10 10 10 9 6 6 6 6 6 5 5 5 5 5 5 5 5 5 5 4 4 4 4 4 3 2 Processor 2 | . . . . . . . . . . . . . . . . . . . . 5 5 4 5 9 8 4 7 10 Hackware 7 | . . . . . . 2 7 6 6 6 6 15 5 5 5 5 9 10 9 5 5 7 9 12 8 8 7 6 Protection 8 | . 12 12 19 20 20 15 5 6 6 6 6 10 11 11 11 11 5 5 5 7 10 11 9 3 1 . . . Energy Gun 6 | . 1 . . . . . 2 . . . . . 11 14 15 16 15 15 15 15 15 13 9 1 14 15 14 12 Ballistic Gun 7 | . 22 25 20 13 10 9 13 18 17 18 18 15 5 2 . . . . . . . . . 1 . . . . Peak Build Rating 232 | 7 11 13 21 23 25 37 81 77 109 114 116 127 122 120 139 139 151 150 154 155 155 174 215 215 220 218 220 232 Average Rating 120 | 5 9 12 19 21 24 24 63 74 102 111 115 118 119 119 132 139 149 150 149 148 155 169 181 201 209 211 209 209 On Entrance 110 | . 7 11 13 21 23 25 37 68 73 109 114 116 126 119 119 139 139 150 150 145 155 155 174 215 192 213 186 220 Naked Turns 10 | . . . . . . . . . . . . . . . . . . . . . . . . . . . . 10 Heaviest Build 179 | 21 35 37 48 49 69 69 92 95 114 117 117 119 106 115 133 133 134 127 128 119 119 128 139 174 179 163 126 136 Greatest Support 190 | 40 40 40 69 69 69 71 98 118 160 160 160 160 160 160 160 160 160 160 160 160 160 170 180 190 190 190 190 190 Greatest Overweight (x) 19 | . . . . . . 2 19 1 . . . 1 . . . . . . . . . . . . . . . 1 Average Overweight (x) . | . . . . . . . . . . . . . . . . . . . . . . . . . . . . . Largest Inventory Capacity 20 | 10 15 15 15 15 20 20 20 20 20 20 20 20 20 20 20 20 20 20 20 20 20 20 20 20 20 20 20 20 Average Capacity 19 | 8 14 15 15 15 18 19 20 20 20 20 20 20 20 20 20 20 20 20 20 20 20 20 20 20 20 20 20 19 Most Carried 20 | 2 10 12 14 15 17 20 20 20 20 20 20 20 19 17 20 20 20 20 20 20 20 20 20 20 20 20 20 20 Average Carried 17 | 1 6 10 12 13 16 17 17 19 19 19 19 16 16 16 19 20 18 20 19 19 20 19 18 17 17 19 17 16 Final Capacity 20 | 10 15 15 15 15 20 20 20 20 20 20 20 20 20 20 20 20 20 20 20 20 20 20 20 20 20 20 20 5 Final Carried 20 | 2 10 8 14 15 17 20 19 18 20 20 19 20 16 17 20 20 20 20 19 20 20 19 20 15 17 20 20 2 Class Distribution -------------------- 24% | Hacker-Tank 24% | Hacker-Mutant 23% | Commander-Tank 8% | Scavenger-Tank 7% | Wizard-Tank 5% | Scavenger-Scrapper Dominant Class ---------------- Hacker-Mutant | -10/Materials Hacker-Mutant | -10/Mines Hacker-Mutant | -9/Materials Hacker-Mutant | -9/Storage Hacker-Mutant | -9/Recycling Hacker-Mutant | -9/Scraptown Hacker-Scrapper | -6/Factory Scavenger-Scrapper | -6/Extension Scavenger-Tank | -6/Cetus Scavenger-Tank | -6/Archives Scavenger-Tank | -6/Hub_04(d) Hacker-Tank | -5/Factory Commander-Tank | -5/Upper Caves Commander-Tank | -5/Upper Caves Commander-Tank | -5/Warlord Commander-Tank | -4/Proximity Caves Commander-Tank | -4/Factory Commander-Tank | -4/Upper Caves Commander-Tank | -4/Upper Caves Commander-Tank | -4/Zhirov Commander-Tank | -3/Proximity Caves Hacker-Tank | -3/Research Hacker-Tank | -3/Quarantine Wizard-Tank | -3/Section 7 Hacker-Tank | -2/Research Hacker-Tank | -2/Testing Hacker-Tank | -1/Access Hacker-Tank | -1/Command Resources | -11 -10 -10 -9 -9 -9 -9 -6 -6 -6 -6 -6 -5 -5 -5 -5 -4 -4 -4 -4 -4 -3 -3 -3 -3 -2 -2 -1 -1 ----------- Run | Yrd Mat Min Mat Sto Rec Scr Fac Ext Cet Arc Hub Fac Upp Upp War Pro Fac Upp Upp Zhi Pro Res Qua Sec Res Tes Acc Com Matter Collected 10288 | 238 266 353 722 321 34 . 1540 549 160 30 409 1807 123 73 60 . 80 30 89 . 20 95 308 1692 585 25 66 613 Remotely . | . . . . . . . . . . . . . . . . . . . . . . . . . . . . . Salvage Created 48893 | . 452 219 1228 734 294 . 2504 796 71 142 979 3484 49 . 425 374 1429 455 515 . 223 2220 2758 6967 2737 2565 2238 15035 Parts 2119 | . 38 6 108 58 4 . 118 40 4 7 56 165 1 . 17 17 56 12 7 . 8 69 116 315 127 48 69 653 Haulers Intercepted 12 | . 2 . 1 1 . . 2 . . . . . . . . . . . 1 . . 4 1 . . . . . Recyclers Shooed 8 | . . . . 1 . . 3 1 . . 1 1 . . . . . . . . . . . . . . . 1 Parts Field Recycled . | . . . . . . . . . . . . . . . . . . . . . . . . . . . . . Retrieved Matter . | . . . . . . . . . . . . . . . . . . . . . . . . . . . . . Parts Self-Destructed . | . . . . . . . . . . . . . . . . . . . . . . . . . . . . . Prevented . | . . . . . . . . . . . . . . . . . . . . . . . . . . . . . Kills | -11 -10 -10 -9 -9 -9 -9 -6 -6 -6 -6 -6 -5 -5 -5 -5 -4 -4 -4 -4 -4 -3 -3 -3 -3 -2 -2 -1 -1 ------- Run | Yrd Mat Min Mat Sto Rec Scr Fac Ext Cet Arc Hub Fac Upp Upp War Pro Fac Upp Upp Zhi Pro Res Qua Sec Res Tes Acc Com Combat Hostiles Destroyed 839 | . 9 14 28 16 4 . 34 9 1 1 11 67 1 . 5 6 21 5 4 . 4 26 31 94 32 28 25 363 Melee 2 | . . . . . 2 . . . . . . . . . . . . . . . . . . . . . . . Guns 452 | . 9 14 28 15 . . 34 9 1 1 11 67 1 . 5 3 15 3 1 . 3 20 23 12 30 23 20 104 Cannons 54 | . . . . . . . . . . . . . . . . . . . . . . . 1 52 1 . . . AOE 235 | . . . . 1 . . . . . . . . . . . 1 . . . . . . 2 6 . . 1 224 Classes Destroyed 33 | . 6 2 2 2 1 . 4 . . . . 2 . . 1 . . . 1 . 1 1 3 2 1 . 1 3 Worker 31 | . 1 . 6 1 . . . . . . 5 3 . . . . . . . . . . 2 4 1 . 2 6 Builder 22 | . 3 . 1 2 . . 2 2 . . . 1 . . . . . . . . . 1 4 3 3 . . . Tunneler 1 | . . . . . . . . . . . . 1 . . . . . . . . . . . . . . . . Hauler 12 | . 2 . 1 1 . . 2 . . . . . . . . . . . 1 . . 4 1 . . . . . Recycler 8 | . . . . . 1 . 2 . . . . . . . . . . . . . . . 1 2 . . . 2 Carrier 19 | . . . . . . . . . . . . . . . . . . . . . . . . . . . . 19 Minesweeper 1 | . . . . . . . . . . . . . . . . . . . 1 . . . . . . . . . Mechanic 2 | . . . . 1 . . 1 . . . . . . . . . . . . . . . . . . . . . Operator 16 | . . . 1 1 . . 2 1 . 2 3 1 . . . . 1 . . . . . 1 1 . 1 . 1 Drone 1 | . . . . . . . . . . . . . . . . . . . . . 1 . . . . . . . Watcher 35 | . 2 . 5 . . . . 3 . . . 2 . . . . 1 . . . . . 3 5 3 3 1 7 Swarmer 107 | . 6 2 7 2 . . 3 . . . . 24 . . . 1 3 . . . . 3 . 5 1 . . 50 Cutter 8 | . . . . . . . . . . . . . . . . . . . . . . . . . . . . 8 Saboteur 9 | . . . . . . . . . . . . . . . . . . . . . . . . . 1 . . 8 Grunt 250 | . 3 . 14 7 . . 10 4 . . 6 18 1 . 3 3 5 2 2 . 2 9 10 22 6 19 4 100 Brawler 33 | . . . . . . . 1 . . . . 1 . . . . 1 . . . . . . 8 . . . 22 Duelist 30 | . . . . 2 . . . 1 . . . 2 . . . . . . . . . 1 . 1 2 . . 21 Protector 18 | . . . . . . . . . . . . 2 . . 1 . . . . . . . . 3 . . . 12 Researcher 8 | . . . . . . . . . . . . . . . . . . . . . . . 3 3 . 2 . . Sentry 60 | . . . 7 5 4 . 4 2 . 1 3 7 . . . 1 1 2 1 . . 1 . 11 4 . 3 3 Demolisher 14 | . . 1 . . . . . . . . . . . . . . 1 . . . . 1 . 2 . . . 9 Specialist 21 | . . . . . . . . . . . . . . . . . . . . . . . . . . . . 21 Hunter 104 | . . . . . . . 9 . . . . 5 . . . 1 2 1 . . . 4 7 9 4 . 10 52 Programmer 119 | . . . . . . . 6 . . . 1 8 . . 1 . 7 . . . 1 2 12 19 5 5 2 50 Heavy 1 | . . . . . . . . . . . . . . . . . . . . . . . . . . . 1 . Q-Series 5 | . . . . . . . . . . . . . . . . . . . . . . . . 2 1 . 2 . Behemoth 8 | . . . . . . . 1 2 . . . . . . . . 1 . 1 . . 1 . 2 . . . . Cetus Guard 1 | . . . . . . . . . 1 . . . . . . . . . . . . . . . . . . . S7 Guard 2 | . . . . . . . . . . . . . . . . . . . . . . . . 2 . . . . M Guard 1 | . . . . . . . . . . . . . . . . . . . . . . . . . . . . 1 Enhanced Grunt 2 | . . . . . . . . . . . 2 . . . . . . . . . . . . . . . . . Lightning 1 | . . . . . . . . . . . 1 . . . . . . . . . . . . . . . . . Tracker 9 | . . . . . . . . . . . . . . . . . . . . . . . . 2 3 2 2 . Combat Programmer 11 | . . . . . . . . . . . . . . . . . . . . . . . . 2 4 2 1 2 Striker 5 | . . . . . . . . . . . . . . . . . . . . . . 4 . . . . . 1 Executioner 5 | . . . . . . . . . . . . . . . . . . . . . . . . 2 1 . . 2 Alpha 7 3 | . . . . . . . . . . . . . . . . . . . . . . . 1 2 . . . . Fortress 1 | . . . . . . . . . . . . . . . . . . . . . . . 1 . . . . . Scrapoid 4 | . . . . . . . . . . . . . . . 1 . 1 1 . . . . . . . . . 1 Assembled 11 | . . 11 . . . . . . . . . . . . . . . . . . . . . . . . . . Best Kill Streak 227 | . 4 3 6 7 2 . 4 4 1 2 9 9 1 . 3 2 3 2 2 . 2 6 5 14 6 6 11 227 Combat Bots Only 206 | . 3 3 6 5 2 . 3 3 1 1 4 8 1 . 3 2 3 2 2 . 2 6 4 14 6 6 11 206 Max Kills in Single Turn 192 | . 2 2 2 2 1 . 2 2 1 1 2 2 1 . 1 1 1 2 1 . 1 2 2 7 2 1 2 192 Gunslinging 2 | . . . . . . . . . . . . 1 . . . . . . . . . . . . 1 . 1 2 Exploded 171 | . . . . 1 . . . . . . . . . . . 1 . . . . . . 2 1 . . 1 171 Melee 1 | . . . . . 1 . . . . . . . . . . . . . . . . . . . . . . . Uniques/NPCs Destroyed . | . . . . . . . . . . . . . . . . . . . . . . . . . . . . . Combat | -11 -10 -10 -9 -9 -9 -9 -6 -6 -6 -6 -6 -5 -5 -5 -5 -4 -4 -4 -4 -4 -3 -3 -3 -3 -2 -2 -1 -1 -------- Run | Yrd Mat Min Mat Sto Rec Scr Fac Ext Cet Arc Hub Fac Upp Upp War Pro Fac Upp Upp Zhi Pro Res Qua Sec Res Tes Acc Com Hostile Shots Fired 5290 | . 27 60 89 36 21 . 410 37 6 5 42 343 1 13 10 16 47 31 27 . 10 79 255 1283 180 339 134 1789 Missed 1483 | . 8 8 27 13 7 . 124 10 1 2 4 100 1 1 6 9 18 12 9 . 3 33 91 299 48 99 31 519 Damage Taken 21106 | . 95 789 498 177 124 . 2360 299 60 23 537 3017 . 78 223 66 257 146 140 . 54 645 585 4809 735 56 116 5217 Core 3154 | . 6 102 21 37 28 . 280 9 . . 35 135 . . 45 8 29 7 11 . . 40 36 555 164 2 . 1604 Absorbed by Shields 13092 | . . . . . . . 435 133 64 25 377 189 . 82 219 62 255 132 133 . 52 380 854 3034 377 1285 487 4517 Reduced by Siege Mode 350 | . . . . . . . . . . . 2 61 . . . . . . . . . . 8 182 8 . 6 83 Redirected to Core 412 | . . . . . . . . . . . . . . . . . . . . . . . . 256 156 . . . Redirected to Shielding 35 | . . . . . . . . . . . . . . . . . . . . . . 20 15 . . . . . Ignored by Resistances 54215 | . 70 465 310 113 76 . 1696 250 73 29 524 1894 . 92 61 75 303 166 158 . 62 742 1773 14868 2048 3710 1748 22909 Regen/Repaired (Parts) 262 | . . . . . . . 162 . . . . 100 . . . . . . . . . . . . . . . . Core Remaining (%) 70 | 100 . 56 . . . 78 . . . . 61 . . . . 81 . . . . 95 . . 6 . 88 . . Volleys Fired 1888 | . 33 39 80 36 . . 156 40 10 8 29 140 11 5 11 16 60 16 30 . 11 93 164 367 85 98 63 287 Largest 4 | . 2 2 2 2 . . 3 3 3 3 3 3 2 3 3 3 2 3 2 . 3 3 3 3 4 3 4 4 Hottest 425 | . 60 46 46 46 . . 180 90 95 95 100 105 160 235 205 245 200 245 200 . 245 245 345 301 420 360 425 425 Shots Fired 4168 | . 66 78 160 64 . . 336 123 22 24 85 404 14 15 20 30 113 28 59 . 23 192 322 448 243 286 218 795 Gun 3806 | . 66 78 160 62 . . 334 123 20 24 85 404 14 15 20 30 113 28 59 . 23 192 308 165 227 286 216 754 Cannon 288 | . . . . . . . . . . . . . . . . . . . . . . . 13 255 16 . . 4 Launcher 67 | . . . . 2 . . . . . . . . . . . . . . . . . . . 28 . . . 37 Special 7 | . . . . . . . 2 . 2 . . . . . . . . . . . . . 1 . . . 2 . Kinetic 1501 | . 58 78 160 62 . . 299 123 20 24 85 404 9 2 . . . . . . . . 35 142 . . . . Thermal 2394 | . . . . . . . 35 . . . . . 5 13 16 24 104 22 57 . 22 184 266 155 240 286 216 749 Explosive 34 | . . . . 2 . . . . . . . . . . . . . . . . . . . 28 . . . 4 Electromagnetic 153 | . 8 . . . . . . . . . . . . . . . . . . . . . . 110 . . . 35 Entropic 79 | . . . . . . . . . . . . . . . 4 6 9 6 2 . 1 8 20 13 3 . . 7 Robot Hit Streak 111 | . 12 33 35 22 . . 29 20 17 9 19 61 8 27 27 8 31 16 19 . 7 25 27 97 33 40 17 111 Robot Miss Streak 5 | . 4 1 1 2 . . 3 3 1 1 1 2 1 1 1 1 2 1 2 . 2 1 2 4 2 4 3 5 Penetration Max 7 | . . . . . . . 1 . . . 1 1 . . 1 1 1 1 . . . . 1 7 . . . . Secondary Targets 120 | . 1 4 3 2 . . 8 3 . . 2 24 . . 2 1 . 1 . . 1 4 5 . 8 6 5 40 Max Gunslinging Chain 2 | . 1 1 1 1 . . 1 1 . . 1 1 . . 1 1 . 1 . . 1 1 1 . 1 1 1 2 Shots Hit Robots 3316 | . 48 70 132 54 14 . 270 96 20 20 63 339 5 15 19 24 95 22 46 . 17 166 232 356 177 220 163 633 Core Hits 1877 | . 23 26 51 41 3 . 101 39 6 8 38 136 8 10 26 8 41 8 14 . 6 61 98 187 96 80 69 693 Critical Kills 52 | . . 1 1 1 2 . 4 1 1 1 5 16 . . . . . . . . . . 1 15 2 . . 1 Critical Parts Destroyed 91 | . . . 1 1 5 . 9 3 1 1 7 30 . 1 1 2 1 1 . . . . 10 17 . . . . Critical Strikes 261 | . . 1 2 2 7 . 13 4 2 2 13 50 . 2 1 6 16 5 8 . 5 33 49 37 2 . . 1 Burn 105 | . . . . . . . . . . . . . . 1 . 4 15 4 8 . 5 33 35 . . . . . Meltdown 6 | . . . . . . . . . . . . . . . . . . . . . . . . 3 2 . . 1 Destroy 128 | . . 1 2 1 . . 13 4 2 2 13 50 . 1 . . . . . . . . 9 30 . . . . Blast 1 | . . . . . . . . . . . . . . . . . . . . . . . . 1 . . . . Corrupt 2 | . . . . . . . . . . . . . . . . . . . . . . . . 2 . . . . Smash 8 | . . . . 1 7 . . . . . . . . . . . . . . . . . . . . . . . Detonate 11 | . . . . . . . . . . . . . . . 1 2 1 1 . . . . 5 1 . . . . Melee Attacks 39 | . . . . 18 15 . 6 . . . . . . . . . . . . . . . . . . . . . Impact 33 | . . . . 18 15 . . . . . . . . . . . . . . . . . . . . . . . Slashing 6 | . . . . . . . 6 . . . . . . . . . . . . . . . . . . . . . Piercing . | . . . . . . . . . . . . . . . . . . . . . . . . . . . . . Sneak Attacks 5 | . . . . 1 4 . . . . . . . . . . . . . . . . . . . . . . . Combat Hostiles 2 | . . . . . 2 . . . . . . . . . . . . . . . . . . . . . . . Follow-up Attacks . | . . . . . . . . . . . . . . . . . . . . . . . . . . . . . Damage Inflicted 375303 | . 699 1067 2157 1376 556 . 6317 2136 469 563 2486 9886 144 470 1100 1214 3589 1145 1342 . 586 5121 9184 22373 6676 7529 5615 281503 Guns 91519 | . 648 1054 2121 866 . . 6290 2106 469 563 1903 9783 144 470 812 854 3069 820 1342 . 586 5105 7060 4383 6066 7529 5347 22129 Cannons 16962 | . . . . . . . . . . . . . . . . . . . . . . . 1475 14865 544 . . 78 Explosions 265618 | . 37 . . 436 . . . . . . 472 . . . 288 360 505 325 . . . . 607 3085 . . 253 259250 Melee 609 | . . . . 53 556 . . . . . . . . . . . . . . . . . . . . . . . Ramming 595 | . 14 13 36 21 . . 27 30 . . 111 103 . . . . 15 . . . . 16 42 40 66 . 15 46 Kinetic 29568 | . 543 1054 2121 866 . . 5257 2106 469 563 1903 9783 . 50 . . . . . . . . 906 3947 . . . . Thermal 323647 | . 37 . . . . . 1033 . . . 41 . 144 420 690 949 3304 912 1300 . 586 4857 7578 11168 6354 7529 5347 271398 Explosive 4882 | . . . . 436 . . . . . . . . . . . . . . . . . . . 2364 . . 253 1829 Electromagnetic 12916 | . 105 . . . . . . . . . 431 . . . 129 . . . . . . . . 4169 . . . 8082 Impact 609 | . . . . 53 556 . . . . . . . . . . . . . . . . . . . . . . . Slashing . | . . . . . . . . . . . . . . . . . . . . . . . . . . . . . Piercing . | . . . . . . . . . . . . . . . . . . . . . . . . . . . . . Entropic 3086 | . . . . . . . . . . . . . . . 281 265 270 233 42 . . 248 658 685 256 . . 148 Highest Corruption 19 | . . . . . . . 1 1 . . 7 7 2 2 2 . 2 2 2 . . 1 5 19 2 2 . 7 Average Corruption 3 | . . . . . . . 1 1 . . 4 4 2 2 2 . 1 2 1 . . 1 1 11 1 2 . 3 Corruption Purged 13 | . . . . . . . . 1 . . . 5 . . . . . . 2 . . . 2 3 . . . . Corruption Blocked . | . . . . . . . . . . . . . . . . . . . . . . . . . . . . . Effects 357 | . . . . . . . 2 12 . . 1 66 6 5 . . 28 8 21 . . 13 11 153 11 20 . . Message Errors 96 | . . . . . . . . 2 . . . 21 . 3 . . 5 1 2 . . 3 5 43 3 8 . . Matter Fused 86 | . . . . . . . 1 3 . . . 13 2 . . . 5 6 5 . . 5 4 36 4 2 . . Heat Flow Errors 32 | . . . . . . . . 2 . . . 8 . 1 . . 2 1 1 . . 1 . 15 1 . . . Energy Discharges 45 | . . . . . . . 1 2 . . . 5 2 1 . . 5 . 6 . . 2 1 15 2 3 . . Data Loss (minor) 41 | . . . . . . . . . . . 1 6 1 . . . 7 . 2 . . . . 20 . 4 . . Data Loss (major) 16 | . . . . . . . . . . . . 5 . . . . 1 . 2 . . 1 . 7 . . . . Misfires 16 | . . . . . . . . 3 . . . 3 1 . . . 2 . 2 . . . . 4 . 1 . . Alerts 4 | . . . . . . . . . . . . . . . . . . . . . . 1 . 1 . 2 . . Misdirections 2 | . . . . . . . . . . . . . . . . . . . . . . . . 2 . . . . Weapon Failures 19 | . . . . . . . . . . . . 5 . . . . 1 . 1 . . . 1 10 1 . . . Overload Shots . | . . . . . . . . . . . . . . . . . . . . . . . . . . . . . Overflow Damage 31276 | . . . . 70 213 . . . . . . 8 . . . . 33 . . . . . 469 1603 8 . 44 28828 Projectiles 1820 | . . . . . . . . . . . . . . . . . . . . . . . 375 1437 8 . . . Explosions 29155 | . . . . 17 . . . . . . . . . . . . 33 . . . . . 67 166 . . 44 28828 Melee 301 | . . . . 53 213 . . . . . . 8 . . . . . . . . . . 27 . . . . . Knockbacks 16 | . 1 . 1 . 1 . . 1 . . . 2 . . . . . . . . . 1 . 9 . . . . Impact 7 | . 1 . 1 . 1 . . 1 . . . 2 . . . . . . . . . 1 . . . . . . Kinetic 9 | . . . . . . . . . . . . . . . . . . . . . . . . 9 . . . . Secondary . | . . . . . . . . . . . . . . . . . . . . . . . . . . . . . Self-Inflicted Damage 264 | . . . . . . . . . . . 124 . . . . . 41 . . . . . 54 45 . . . . Shots 7 | . . . . . . . . . . . 2 . . . . . 1 . . . . . 2 2 . . . . Rammed 45 | . 1 2 3 3 . . 2 2 . . 8 9 . . . . 1 . . . . 1 1 4 5 . 1 2 Targets Rammed 50 | . 2 2 7 3 . . 2 2 . . 8 9 . . . . 1 . . . . 1 1 4 5 . 1 2 Kicked . | . . . . . . . . . . . . . . . . . . . . . . . . . . . . . Crushed 5 | . 1 . 4 . . . . . . . . . . . . . . . . . . . . . . . . . Highest Temperature 523 | . 44 68 118 67 14 . 410 316 272 226 523 326 126 406 75 273 352 . 316 . 83 305 464 344 181 181 178 178 Average Temperature 102 | . 17 24 28 18 14 . 111 122 115 92 134 93 58 145 33 112 169 . 104 . 35 37 139 112 120 129 121 125 Received Heat Transfer 3109 | . 21 80 291 87 72 . 344 66 4 4 63 628 . 51 8 118 32 44 30 . 23 85 14 446 191 27 . 380 Effects 12 | . . . . . . . 1 . . . 6 3 . 1 . . . . . . . . 1 . . . . . Shutdowns 3 | . . . . . . . . . . . 2 . . 1 . . . . . . . . . . . . . . Energy Bleed 5 | . . . . . . . 1 . . . 2 2 . . . . . . . . . . . . . . . . Interference 1 | . . . . . . . . . . . . 1 . . . . . . . . . . . . . . . . Short Circuit 2 | . . . . . . . . . . . 1 . . . . . . . . . . . 1 . . . . . Damage (major) 1 | . . . . . . . . . . . 1 . . . . . . . . . . . . . . . . . Siege Activations 47 | . . . . . . . . . 1 1 1 6 . . . . . . . . . 1 6 22 3 1 1 4 Total Turns 785 | . . . . . . . . . 6 1 7 71 . . . . . . . . . 17 131 405 45 19 11 72 Longest Duration 60 | . . . . . . . . . 6 1 7 38 . . . . . . . . . 17 54 59 20 19 11 60 Robots Corrupted 43 | . . . . . 3 . . . . . 1 . . . . . . . . . . . 1 20 . . . 18 Combat Hostiles 40 | . . . . . 2 . . . . . . . . . . . . . . . . . . 20 . . . 18 Parts Fried 84 | . . . . 2 6 . . . . . 1 . . . . . 1 . . . . 2 2 32 . . . 38 Impact Corruptions 10 | . . . . 2 6 . . . . . . 1 . . . . . . . . . . 1 . . . . . Robots Melted 59 | . . . . . . . . . . . . . . . . 2 7 2 4 . 1 6 6 4 2 5 4 16 Combat Hostiles 55 | . . . . . . . . . . . . . . . . 2 6 2 3 . 1 6 5 4 1 5 4 16 Parts Melted 431 | . . . . . . . 1 . . . . 3 . . 5 7 23 6 16 . 7 30 41 16 21 47 40 168 Heat Transferred 102959 | . . . . . . . 1437 . . . 50 . 254 922 1091 1618 6156 1541 3050 . 1387 11400 12945 4563 7893 10668 7290 30694 Parts Sabotaged 4 | . . . . . . . . . . . . . . . . . . . . . . . . . . 2 . 2 Parts Stolen . | . . . . . . . . . . . . . . . . . . . . . . . . . . . . . Parts Stripped . | . . . . . . . . . . . . . . . . . . . . . . . . . . . . . Power Chain Reactions 26 | . 1 . . . . . . . . . 1 . . . 1 . . . . . . . . 2 . . . 21 Alert | -11 -10 -10 -9 -9 -9 -9 -6 -6 -6 -6 -6 -5 -5 -5 -5 -4 -4 -4 -4 -4 -3 -3 -3 -3 -2 -2 -1 -1 ------- Run | Yrd Mat Min Mat Sto Rec Scr Fac Ext Cet Arc Hub Fac Upp Upp War Pro Fac Upp Upp Zhi Pro Res Qua Sec Res Tes Acc Com Peak Influence 1050 | . 198 65 198 591 120 . 327 168 212 148 748 684 . . . . 936 . . . . 645 265 1050 614 442 812 798 Initial 600 | . . . . 6 . . . 59 10 . 35 268 . . . . 600 . . . . 150 25 72 55 173 17 250 Average 206 | . 74 13 83 213 48 . 82 54 94 121 262 298 . . . . 470 . . . . 320 73 265 267 267 289 535 Maximum Alert Level 5 | . . . . 2 . . 1 . 1 . 3 2 . . . . 3 . . . . 2 1 3 2 2 3 5 Low Security (%) 61 | 100 100 100 100 58 100 . 91 100 86 100 44 29 . . . . 9 . . . . 32 97 55 35 30 57 . Level 1 19 | . . . . 25 . . 8 . 13 . 29 38 . . . . 34 . . . . 31 2 21 41 66 16 8 Level 2 14 | . . . . 16 . . . . . . 25 31 . . . . 39 . . . . 36 . 16 23 3 7 37 Level 3 2 | . . . . . . . . . . . . . . . . . 16 . . . . . . 6 . . 19 4 Level 4 . | . . . . . . . . . . . . . . . . . . . . . . . . . . . . . Level 5 2 | . . . . . . . . . . . . . . . . . . . . . . . . . . . . 49 High Security . | . . . . . . . . . . . . . . . . . . . . . . . . . . . . . Max Security . | . . . . . . . . . . . . . . . . . . . . . . . . . . . . . Squads Dispatched 145 | . 1 . 5 3 . . 20 . . . 6 16 . . . . 12 . . . . 12 8 22 11 12 14 3 Investigation 39 | . 1 . 4 . . . 9 . . . 1 7 . . . . 6 . . . . 5 . 1 1 2 2 . Extermination 40 | . . . . . . . 6 . . . 1 5 . . . . 4 . . . . . 5 8 3 3 3 2 Reinforcement 33 | . . . 1 1 . . 5 . . . 4 1 . . . . 1 . . . . 6 3 5 . 3 3 . Assault 14 | . . . . 2 . . . . . . . 3 . . . . 1 . . . . . . 5 1 1 . 1 Garrison 4 | . . . . . . . . . . . . . . . . . . . . . . 1 . . . . 3 . Intercept 15 | . . . . . . . . . . . . . . . . . . . . . . . . 3 6 3 3 . Searches Triggered 2 | . . . . . . . . . . . . . . . . . 2 . . . . . . . . . . . Construction Impeded 6 | . . . . . . . 1 . . . 1 . . . . . 1 . . . . 1 . 1 . . 1 . Haulers Reinforced 8 | . . . . . . . 3 . . . . 1 . . . . . . . . . 2 1 1 . . . . Active Scanning Responses . | . . . . . . . . . . . . . . . . . . . . . . . . . . . . . Cargo Convoy Interrupts 1 | . . . . . . . . . . . . . . . . . . . . . . . . . 1 . . . Stealth | -11 -10 -10 -9 -9 -9 -9 -6 -6 -6 -6 -6 -5 -5 -5 -5 -4 -4 -4 -4 -4 -3 -3 -3 -3 -2 -2 -1 -1 --------- Run | Yrd Mat Min Mat Sto Rec Scr Fac Ext Cet Arc Hub Fac Upp Upp War Pro Fac Upp Upp Zhi Pro Res Qua Sec Res Tes Acc Com Distress Signals 40 | . . . 1 1 . . 4 3 2 . 1 1 . . . 1 3 . . . . 6 2 4 3 . 1 7 Communications Jammed . | . . . . . . . . . . . . . . . . . . . . . . . . . . . . . Distress Signals . | . . . . . . . . . . . . . . . . . . . . . . . . . . . . . Times Spotted 1072 | . 16 20 36 32 4 . 63 13 10 8 22 88 3 10 42 15 54 19 18 . 8 45 44 131 54 54 31 232 Peak Tracking Total 31 | . 3 5 5 8 2 . 6 3 5 1 5 8 3 5 14 3 4 13 3 . 3 7 5 11 9 8 5 31 Tactical Retreats 27 | . . 1 . 1 . . 1 . . . . 4 . . . . . . . . 1 . 3 1 1 6 1 7 Traps | -11 -10 -10 -9 -9 -9 -9 -6 -6 -6 -6 -6 -5 -5 -5 -5 -4 -4 -4 -4 -4 -3 -3 -3 -3 -2 -2 -1 -1 ------- Run | Yrd Mat Min Mat Sto Rec Scr Fac Ext Cet Arc Hub Fac Upp Upp War Pro Fac Upp Upp Zhi Pro Res Qua Sec Res Tes Acc Com Traps Triggered 22 | . . . . . . . 1 . . . . 2 . . . . . . . . . . . 2 1 2 2 12 Indirectly 4 | . . . . . . . . . . . . . . . . . . . . . . . . . . . . 4 Trap Hack Attempts . | . . . . . . . . . . . . . . . . . . . . . . . . . . . . . Triggered . | . . . . . . . . . . . . . . . . . . . . . . . . . . . . . Disarmed 6 | . . . . . . . . . . . . . . . . . . . . . . . . . . . 6 . Reprogrammed 27 | . 6 . . . . . . . . . . 6 . . . . 13 . . . . . . 2 . . . . Reused 12 | . 4 . . . . . . . . . . . . . . . 6 . . . . . . 2 . . . . Traps Extracted . | . . . . . . . . . . . . . . . . . . . . . . . . . . . . . Installed 4 | . . . . . . . . . . . . . . . . . 4 . . . . . . . . . . . Triggered 23 | . 4 . . . . . . . . . . . . . 9 . 6 . . . . . 1 3 . . . . Most Traps Carried 4 | . . . . . . . . . . . . . . . . . 3 3 4 1 1 1 . . . . . . Machines | -11 -10 -10 -9 -9 -9 -9 -6 -6 -6 -6 -6 -5 -5 -5 -5 -4 -4 -4 -4 -4 -3 -3 -3 -3 -2 -2 -1 -1 ---------- Run | Yrd Mat Min Mat Sto Rec Scr Fac Ext Cet Arc Hub Fac Upp Upp War Pro Fac Upp Upp Zhi Pro Res Qua Sec Res Tes Acc Com Machines Disabled 143 | . 1 . . 5 . . 3 . . 3 19 10 . 1 1 . 26 5 . . . 3 10 22 10 13 4 7 Max in Single Turn 5 | . 1 . . 1 . . . . . 1 5 1 . . 1 . 1 3 . . . . 1 1 2 1 2 3 Garrison Access 12 | . . . . 1 . . 1 . . . 1 2 . . . . . . . . . 3 1 1 1 1 . . Phase Generator 1 | . . . . . . . . . . . . . . . . . . . . . . . . . . . . 1 Network Hub 2 | . . . . . . . . . . . 2 . . . . . . . . . . . . . . . . . Machines Repaired . | . . . . . . . . . . . . . . . . . . . . . . . . . . . . . Machines Dismantled 1 | . . . . . . . . . . . . . . . 1 . . . . . . . . . . . . . Machines Sabotaged . | . . . . . . . . . . . . . . . . . . . . . . . . . . . . . Overloaded Fab Kills 2 | . . . . . . . 2 . . . . . . . . . . . . . . . . . . . . . Hacking | -11 -10 -10 -9 -9 -9 -9 -6 -6 -6 -6 -6 -5 -5 -5 -5 -4 -4 -4 -4 -4 -3 -3 -3 -3 -2 -2 -1 -1 --------- Run | Yrd Mat Min Mat Sto Rec Scr Fac Ext Cet Arc Hub Fac Upp Upp War Pro Fac Upp Upp Zhi Pro Res Qua Sec Res Tes Acc Com Machines Accessed 225 | . 8 . 15 13 11 5 25 8 1 . 5 28 . 3 2 . 21 1 . 4 . 9 16 18 11 7 11 3 Terminals 131 | . 7 . 11 12 5 . 12 8 1 . 4 14 . 1 . . 10 . . . . 2 11 15 5 2 8 3 Fabricators 20 | . . . . . . . 4 . . . . 5 . . . . 5 . . . . 2 . . 1 1 2 . Repair Stations 5 | . . . . . . . 1 . . . . 1 . . . . 1 . . . . 1 1 . . . . . Recycling Units 25 | . 1 . 2 . 6 . 5 . . . . 5 . . . . 4 . . . . . . . 1 . 1 . Scanalyzers 18 | . . . 2 . . . 2 . . . . 1 . . . . 1 . . . . 1 3 2 3 3 . . Garrison Access 12 | . . . . 1 . . 1 . . . 1 2 . . . . . . . . . 3 1 1 1 1 . . Total Hacks 1058 | . 25 . 62 32 36 37 99 15 2 . 10 165 . 9 3 . 195 1 . 11 . 42 62 101 67 35 39 10 Successful 816 | . 24 . 50 23 30 37 76 8 1 . 7 125 . 9 3 . 155 1 . 11 . 37 44 78 42 25 26 4 Failed 242 | . 1 . 12 9 6 . 23 7 1 . 3 40 . . . . 40 . . . . 5 18 23 25 10 13 6 Catastrophic 20 | . . . . . . . 3 . . . . 6 . . . . 3 . . . . . 1 3 1 1 1 1 Database Lockouts . | . . . . . . . . . . . . . . . . . . . . . . . . . . . . . Manual 515 | . 16 . 44 18 26 . 42 4 1 . 4 84 . . . . 121 . . . . 14 26 67 17 9 13 9 Terminals 630 | . 23 . 46 30 20 . 42 15 2 . 9 92 . 5 . . 122 . . . . 11 44 85 34 11 29 10 Fabricators 120 | . . . . . . . 11 . . . . 35 . . . . 34 . . . . 12 . . 17 3 8 . Repair Stations 14 | . . . . . . . 7 . . . . 2 . . . . 1 . . . . 1 3 . . . . . Recycling Units 72 | . 2 . 4 . 16 . 17 . . . . 16 . . . . 13 . . . . . . . 2 . 2 . Scanalyzers 147 | . . . 12 . . . 21 . . . . 15 . . . . 25 . . . . 14 14 15 13 18 . . Garrison Access 19 | . . . . 2 . . 1 . . . 1 5 . . . . . . . . . 4 1 1 1 3 . . Terminal Hacks 354 | . 14 . 21 13 7 37 16 7 1 . 2 49 . 9 3 . 77 1 . 11 . 4 14 43 10 2 12 1 Record 44 | . . . . . . 30 . . . . . . . 8 2 . . . . 1 . . 2 . . . 1 . Part Schematic 21 | . . . . 2 2 . 2 . . . . 5 . . . . 3 . . 2 . . 2 2 1 . . . Robot Schematic 14 | . . . . . . . 4 . . . . 5 . . . . . . . . . . . 4 . . 1 . Robot Analysis 54 | . 4 . 4 . . 7 4 . . . 1 15 . . . . 6 . . 4 . 1 . 7 1 . . . Prototype ID Bank 84 | . 2 . 8 3 5 . 1 . . . . 5 . . . . 48 . . 4 . 1 3 3 1 . . . Open Door 24 | . . . . 5 . . . 7 1 . . . . 1 1 . . 1 . . . . . 5 . . 3 . Branch Access Points 1 | . . . . . . . . . . . . . . . . . . . . . . . . . 1 . . . Machine Index 4 | . . . . . . . . . . . . 1 . . . . 1 . . . . . 1 1 . . . . Terminal Index 4 | . . . 1 . . . 1 . . . . . . . . . . . . . . . . 1 . . . 1 Fabricator Index 2 | . . . . . . . 1 . . . . . . . . . . . . . . . . . 1 . . . Recycling Unit Index 2 | . . . . . . . . . . . . . . . . . . . . . . . . 1 . . 1 . Scanalyzer Index 1 | . . . . . . . . . . . . . . . . . . . . . . . . 1 . . . . Alert Level 8 | . . . . . . . . . . . . 1 . . . . 1 . . . . . 2 3 . . 1 . Unreport Threat 11 | . . . . 1 . . . . . . . 2 . . . . 2 . . . . . . 4 2 . . . Locate Traps 30 | . 5 . 5 . . . 2 . . . 1 6 . . . . 3 . . . . . 1 4 1 . 2 . Disarm Traps 1 | . . . . . . . . . . . . . . . . . . . . . . . . . . . 1 . Reprogram Traps 8 | . 1 . . . . . . . . . . 1 . . . . 5 . . . . . . 1 . . . . Dispatch Records 2 | . . . . . . . . . . . . . . . . . 1 . . . . . . 1 . . . . Security Status 1 | . . . . . . . . . . . . . . . . . . . . . . . . . . . 1 . Recall Investigation 1 | . . . . . . . . . . . . . . . . . . . . . . . . 1 . . . . Recall Extermination 1 | . . . . . . . . . . . . . . . . . 1 . . . . . . . . . . . Recall Reinforcements 2 | . . . . . . . . . . . . . . . . . 2 . . . . . . . . . . . Recall Assault 1 | . . . . . . . . . . . . 1 . . . . . . . . . . . . . . . . Hauler Manifests 5 | . . . 1 1 . . . . . . . 1 . . . . . . . . . 1 . 1 . . . . Zone Layout 27 | . 2 . 2 1 . . 1 . . . . 6 . . . . 4 . . . . 1 3 3 2 1 1 . Protovariant Controls 1 | . . . . . . . . . . . . . . . . . . . . . . . . . . 1 . . Fabricator Hacks 65 | . . . . . . . 4 . . . . 22 . . . . 17 . . . . 5 . . 10 2 5 . Network Status 1 | . . . . . . . . . . . . . . . . . 1 . . . . . . . . . . . Load Schematic 33 | . . . . . . . 2 . . . . 11 . . . . 8 . . . . 3 . . 5 1 3 . Build 31 | . . . . . . . 2 . . . . 11 . . . . 8 . . . . 2 . . 5 1 2 . Repair Station Hacks 10 | . . . . . . . 6 . . . . 2 . . . . . . . . . . 2 . . . . . Scan Component 5 | . . . . . . . 3 . . . . 1 . . . . . . . . . . 1 . . . . . Repair 5 | . . . . . . . 3 . . . . 1 . . . . . . . . . . 1 . . . . . Recycling Unit Hacks 31 | . 1 . 2 . 5 . 6 . . . . 9 . . . . 6 . . . . . . . 1 . 1 . Retrieve Components 31 | . 1 . 2 . 5 . 6 . . . . 9 . . . . 6 . . . . . . . 1 . 1 . Scanalyzer 125 | . . . 10 . . . 19 . . . . 13 . . . . 21 . . . . 13 11 13 9 16 . . Insert Component 70 | . . . 5 . . . 8 . . . . 5 . . . . 10 . . . . 5 9 10 7 11 . . Analyze 55 | . . . 5 . . . 11 . . . . 8 . . . . 11 . . . . 8 2 3 2 5 . . Garrison Access Hacks 11 | . . . . 1 . . 1 . . . 1 1 . . . . . . . . . 3 1 1 1 1 . . Seal Access 11 | . . . . 1 . . 1 . . . 1 1 . . . . . . . . . 3 1 1 1 1 . . Unauthorized Hacks 220 | . 9 . 17 9 18 . 24 1 . . 4 29 . . . . 34 . . . . 12 16 21 11 4 8 3 Terminals 149 | . 8 . 13 9 8 . 14 1 . . 4 13 . . . . 17 . . . . 6 16 20 8 2 7 3 Track 3 | . . . . . . . . . . . . . . . . . 2 . . . . . . 1 . . . . Assimilate 13 | . . . . . . . 3 . . . . . . . . . . . . . . . 4 5 1 . . . Botnet 30 | . 2 . 2 3 2 . 2 1 . . 1 2 . . . . 2 . . . . 2 2 2 2 1 2 2 Disrupt 2 | . . . . . . . . . . . . . . . . . 1 . . . . 1 . . . . . . Operators 13 | . . . 1 . 1 . 1 . . . 1 1 . . . . 2 . . . . 1 1 2 1 . 1 . Skim 87 | . 6 . 10 6 5 . 8 . . . 1 10 . . . . 10 . . . . 2 9 10 4 1 4 1 Sabotage 1 | . . . . . . . . . . . 1 . . . . . . . . . . . . . . . . . Fabricators 31 | . . . . . . . 3 . . . . 10 . . . . 11 . . . . 4 . . 2 1 . . Report 1 | . . . . . . . . . . . . 1 . . . . . . . . . . . . . . . . Prioritize 10 | . . . . . . . . . . . . 3 . . . . 5 . . . . 1 . . 1 . . . Liberate 16 | . . . . . . . 2 . . . . 5 . . . . 5 . . . . 2 . . 1 1 . . Haulers 3 | . . . . . . . . . . . . 1 . . . . 1 . . . . 1 . . . . . . Overload 1 | . . . . . . . 1 . . . . . . . . . . . . . . . . . . . . . Repair Stations 18 | . . . . . . . 5 . . . . 5 . . . . 5 . . . . 1 . . 1 . 1 . Mechanics 1 | . . . . . . . . . . . . . . . . . 1 . . . . . . . . . . . Patch 1 | . . . . . . . . . . . . . . . . . . . . . . 1 . . . . . . Recycling Units 13 | . 1 . 2 . 10 . . . . . . . . . . . . . . . . . . . . . . . Reject 4 | . . . . . 4 . . . . . . . . . . . . . . . . . . . . . . . Tunnel 9 | . 1 . 2 . 6 . . . . . . . . . . . . . . . . . . . . . . . Scrapoids 16 | . . . . . . . 5 . . . . 5 . . . . 4 . . . . . . . 1 . 1 . Scanalyzers 8 | . . . 2 . . . 2 . . . . . . . . . 1 . . . . 1 . 1 . 1 . . Researchers 2 | . . . . . . . . . . . . . . . . . . . . . . . . 1 . 1 . . Extract 6 | . . . 2 . . . 2 . . . . . . . . . 1 . . . . 1 . . . . . . Garrison Access 1 | . . . . . . . . . . . . 1 . . . . . . . . . . . . . . . . Jam 1 | . . . . . . . . . . . . 1 . . . . . . . . . . . . . . . . Data Cores Recovered 7 | . . . . . . . 2 1 . . 1 . . . . . . . . . . . 1 . . 1 . 1 Used 2 | . . . . . . . 1 . . . . . . . . . . . . . . . . . . . . 1 Hacking Detections 142 | . 7 . 13 10 6 . 18 3 1 . 4 20 . 1 . . 15 . . . . 4 7 12 7 5 6 3 Full Trace Events 5 | . . . . 1 . . 1 . . . . . . . . . . . . . . 1 . . . 1 1 . Feedback Events 1 | . . . . . . . 1 . . . . . . . . . . . . . . . . . . . . . Corruption 1 | . . . . . . . 1 . . . . . . . . . . . . . . . . . . . . . Feedback Blocked . | . . . . . . . . . . . . . . . . . . . . . . . . . . . . . Robot Schematics Acquired 18 | . . . . . . . 4 . . . . 5 . . . . . . . . . . 2 5 . 1 1 . Robots Built 20 | . . . . . . . 1 . . . . 10 . . . . 7 . . . . 2 . . . . . . Authchips 3 | . . . . . . . 1 . . . . 2 . . . . . . . . . . . . . . . . Time 1251 | . . . . . . . 58 . . . . 816 . . . . 321 . . . . 56 . . . . . . Total Robot Build Rating 112 | . . . . . . . 3 . . . . 60 . . . . 37 . . . . 12 . . . . . . Part Schematics Acquired 103 | . . . 15 2 2 . 15 . . . . 10 . . . . 13 . . 2 . 6 12 13 3 10 . . Parts Built 19 | . . . . . . . 2 . . . . 6 . . . . 2 . . . . 1 . . 6 1 1 . Authchips . | . . . . . . . . . . . . . . . . . . . . . . . . . . . . . Time 1193 | . . . . . . . 53 . . . . 158 . . . . 320 . . . . 222 . . 231 111 98 . Total Part Build Rating 133 | . . . . . . . 12 . . . . 36 . . . . 14 . . . . 9 . . 47 9 6 . Parts Repaired 5 | . . . . . . . 3 . . . . 1 . . . . . . . . . . 1 . . . . . Time 289 | . . . . . . . 91 . . . . 136 . . . . . . . . . . 62 . . . . . Parts Recycled . | . . . . . . . . . . . . . . . . . . . . . . . . . . . . . Recycled Matter . | . . . . . . . . . . . . . . . . . . . . . . . . . . . . . Retrieved Matter . | . . . . . . . . . . . . . . . . . . . . . . . . . . . . . Retrieved Components 192 | . 10 . 15 . 9 . 47 . . . . 69 . . . . 35 . . . . . . . . . 7 . Parts Scanalyzed 41 | . . . 5 . . . 7 . . . . 5 . . . . 9 . . . . 4 3 3 2 3 . . Part Schematics Acquired 40 | . . . 5 . . . 7 . . . . 5 . . . . 9 . . . . 4 2 3 2 3 . . Parts Damaged 5 | . . . . . . . 1 . . . . 1 . . . . 1 . . . . . 1 . . 1 . . Bothacking | -11 -10 -10 -9 -9 -9 -9 -6 -6 -6 -6 -6 -5 -5 -5 -5 -4 -4 -4 -4 -4 -3 -3 -3 -3 -2 -2 -1 -1 ------------ Run | Yrd Mat Min Mat Sto Rec Scr Fac Ext Cet Arc Hub Fac Upp Upp War Pro Fac Upp Upp Zhi Pro Res Qua Sec Res Tes Acc Com Used RIF Installer . | . . . . . . . . . . . . . . . . . . . . . . . . . . . . . Robots Hacked . | . . . . . . . . . . . . . . . . . . . . . . . . . . . . . Non-combat . | . . . . . . . . . . . . . . . . . . . . . . . . . . . . . Combat . | . . . . . . . . . . . . . . . . . . . . . . . . . . . . . Robot Hacks Applied . | . . . . . . . . . . . . . . . . . . . . . . . . . . . . . Relay Couplers Released 7 | . . . . . . . 3 . . . . . . . . . . . . . . . . . 3 1 . . Machine Destruction 4 | . . . . . . . . . . . . . . . . . . . . . . . . . 3 1 . . Programmers 3 | . . . . . . . 3 . . . . . . . . . . . . . . . . . . . . . Fabnet Peak Effective % . | . . . . . . . . . . . . . . . . . . . . . . . . . . . . . Robots Rewired 9 | . . . . . . . . . . . . . . . 5 2 . . 2 . . . . . . . . . Allies Hacked 14 | . . . . . . . 1 . . . . . . . 6 . 2 1 . . . . . 2 2 . . . Hacks Repelled 5 | . . . . . . . 1 . . . . 1 . . 3 . . . . . . . . . . . . . Allies | -11 -10 -10 -9 -9 -9 -9 -6 -6 -6 -6 -6 -5 -5 -5 -5 -4 -4 -4 -4 -4 -3 -3 -3 -3 -2 -2 -1 -1 -------- Run | Yrd Mat Min Mat Sto Rec Scr Fac Ext Cet Arc Hub Fac Upp Upp War Pro Fac Upp Upp Zhi Pro Res Qua Sec Res Tes Acc Com Total Allies 150 | . . . . 2 . . 27 7 5 . . 45 . . 9 2 35 1 2 . . 2 2 1 5 . 5 . Largest Group 32 | . . . . 2 . . 11 9 10 9 8 29 28 28 32 18 30 20 17 15 15 15 2 1 5 . 5 1 Highest-Rated Group 1526 | . . . . 62 . . 304 302 755 656 497 1376 1345 1345 1526 834 1369 908 762 637 637 646 62 10 326 . 323 64 Highest-Rated Ally 159 | . . . . 31 . . 31 159 159 159 96 65 65 65 65 65 65 65 65 65 65 65 36 10 67 . 67 64 Total Orders 144 | . . . . . . . 8 . . . . 3 22 2 2 23 43 19 17 . 2 2 1 . . . . . STAY 18 | . . . . . . . . . . . . . 17 . . . . . . . . . 1 . . . . . ROAM 7 | . . . . . . . . . . . . . . . . 1 2 1 3 . . . . . . . . . FOLLOW 3 | . . . . . . . . . . . . . 3 . . . . . . . . . . . . . . . AID 20 | . . . . . . . . . . . . 3 2 2 2 2 3 2 . . 2 2 . . . . . . EXPLORE 63 | . . . . . . . 5 . . . . . . . . 12 25 11 10 . . . . . . . . . RETURN 33 | . . . . . . . 3 . . . . . . . . 8 13 5 4 . . . . . . . . . Ally Attacks 2008 | . . . . 41 . . 236 44 31 8 82 207 26 57 350 58 372 87 77 . 22 140 10 . 119 . 36 5 Total Damage 45818 | . . . . 529 . . 3442 746 1038 147 2558 5076 418 1256 8485 1472 9317 2285 1494 . 435 3999 121 . 1916 . 961 123 Kills 299 | . . . . 10 . . 21 4 10 3 16 37 4 12 49 13 58 15 14 . 4 12 . . 11 . 6 . Allies Corrupted 11 | . . . . . . . . . . . 2 1 . . 2 . 2 . . . . 2 . . 1 . 1 . Allies Melted 2 | . . . . . . . . . . . . . . 1 . . . . 1 . . . . . . . . . Intel | -11 -10 -10 -9 -9 -9 -9 -6 -6 -6 -6 -6 -5 -5 -5 -5 -4 -4 -4 -4 -4 -3 -3 -3 -3 -2 -2 -1 -1 ------- Run | Yrd Mat Min Mat Sto Rec Scr Fac Ext Cet Arc Hub Fac Upp Upp War Pro Fac Upp Upp Zhi Pro Res Qua Sec Res Tes Acc Com Robot Analysis Total 52 | . 4 . 4 . . 7 4 . . . 1 14 . . . . 6 . . 4 . 1 . 6 1 . . . Derelict Logs Recovered 8 | . . 2 . . . . . . . . . . 1 . . 2 . 1 2 . . . . . . . . . Drone Launches 76 | . . . . . . . 5 . . . . . . . . 10 39 11 11 . . . . . . . . . Drone Recoveries 65 | . . . . . . . 4 . . . . . . . . 9 33 11 8 . . . . . . . . . Exploration | -11 -10 -10 -9 -9 -9 -9 -6 -6 -6 -6 -6 -5 -5 -5 -5 -4 -4 -4 -4 -4 -3 -3 -3 -3 -2 -2 -1 -1 ------------- Run | Yrd Mat Min Mat Sto Rec Scr Fac Ext Cet Arc Hub Fac Upp Upp War Pro Fac Upp Upp Zhi Pro Res Qua Sec Res Tes Acc Com Turns Passed 43934 | 83 1284 899 2621 1244 1164 3103 2917 1727 424 138 726 3783 627 457 1109 902 2193 950 1894 244 563 1812 3190 4374 1435 1651 831 1589 Spaces Moved 22535 | 46 696 484 1243 654 693 2021 1327 1002 185 39 386 1881 354 248 607 467 1132 379 959 143 326 992 1603 2011 634 875 436 712 Core 281 | 2 . . . . . 230 1 . . . . . . . . . . . . . . . . . . . . 48 Treads 21766 | 44 696 484 1243 654 693 1791 881 1002 185 39 386 1881 354 248 607 467 1132 379 959 143 326 992 1603 2011 634 875 436 621 Legs 445 | . . . . . . . 445 . . . . . . . . . . . . . . . . . . . . . Wheels . | . . . . . . . . . . . . . . . . . . . . . . . . . . . . . Hover . | . . . . . . . . . . . . . . . . . . . . . . . . . . . . . Flight 43 | . . . . . . . . . . . . . . . . . . . . . . . . . . . . 43 Fastest Speed 35 | 50 160 160 160 160 160 50 146 160 160 160 160 160 160 160 160 160 160 160 160 160 160 160 160 160 160 160 160 35 Average Speed 159 | 155 160 160 160 160 160 151 177 160 160 160 160 160 160 160 160 160 160 160 160 160 160 160 160 160 160 160 160 145 Slowest Speed 1000 | 160 160 160 160 160 160 320 1000 240 160 160 160 240 160 160 160 160 160 160 160 160 160 160 160 160 160 160 160 160 Overloaded Moves . | . . . . . . . . . . . . . . . . . . . . . . . . . . . . . Propulsion Burnouts . | . . . . . . . . . . . . . . . . . . . . . . . . . . . . . Robots Hopped 1 | . . . . . . . 1 . . . . . . . . . . . . . . . . . . . . . Cave-ins Triggered 1 | . . . . . . . . . . . . . . . 1 . . . . . . . . . . . . . Exploration Rate (%) 67 | 5 96 96 90 91 99 95 42 97 65 64 37 55 49 50 89 98 34 96 98 61 66 40 95 84 23 86 17 46 Regions Visited 28 Branch Regions 20 Pre-discovered Areas 33 | . 1 1 6 2 8 5 1 . . . . 4 . 1 . . 1 1 1 . . . . 1 . . . . Known Exits Taken 28 | 1 1 1 1 1 1 1 1 1 1 1 1 1 1 1 1 1 1 1 1 1 1 1 1 1 1 1 1 . Unknown Exits Taken . | . . . . . . . . . . . . . . . . . . . . . . . . . . . . . Scrap Searched 26 | . . 1 . . . 8 . . . . . . 2 2 . 3 . 2 4 . 4 . . . . . . . Spaces Dug 29 | . . . . 2 . . 6 . . . . . 7 . . . 2 1 3 . . . . . 6 . 2 . Terrain Destroyed 4590 | . . . . 19 . . 13 1 1 4 354 100 7 . 6 16 16 14 10 . 5 7 111 253 18 21 7 3607 Melee 8 | . . . . 2 . . 6 . . . . . . . . . . . . . . . . . . . . . Projectile 422 | . . . . . . . 7 1 1 4 24 100 7 . 3 7 16 13 10 . 5 7 77 77 18 21 7 17 AOE 4160 | . . . . 17 . . . . . . 330 . . . 3 9 . 1 . . . . 34 176 . . . 3590 Terrain Rammed . | . . . . . . . . . . . . . . . . . . . . . . . . . . . . . Walls Destroyed . | . . . . . . . . . . . . . . . . . . . . . . . . . . . . . Machines Disabled . | . . . . . . . . . . . . . . . . . . . . . . . . . . . . . Actions | -11 -10 -10 -9 -9 -9 -9 -6 -6 -6 -6 -6 -5 -5 -5 -5 -4 -4 -4 -4 -4 -3 -3 -3 -3 -2 -2 -1 -1 --------- Run | Yrd Mat Min Mat Sto Rec Scr Fac Ext Cet Arc Hub Fac Upp Upp War Pro Fac Upp Upp Zhi Pro Res Qua Sec Res Tes Acc Com Total 28203 | 54 802 544 1739 764 721 2069 1718 1088 303 105 439 2349 399 295 717 605 1460 706 1291 157 356 1124 2079 2731 935 1049 523 1081 Wait 3039 | . 50 9 393 42 5 3 168 33 88 55 10 274 31 38 43 110 240 312 286 12 20 17 256 282 166 52 9 35 Move 22504 | 45 695 483 1242 653 692 2020 1324 1001 184 38 385 1880 353 247 605 466 1131 378 958 142 325 991 1602 2010 633 874 435 712 Hop 1 | . . . . . . . 1 . . . . . . . . . . . . . . . . . . . . . Pick Up 199 | 2 10 4 7 5 5 24 21 4 5 2 . 14 . 1 11 . 4 . 3 1 . 7 18 17 15 13 5 1 Fast Attach 109 | 7 3 . 2 . . 5 13 2 5 . . 12 . 2 4 . 2 . 2 2 . 3 8 16 9 1 2 9 Attach 56 | . . 3 1 . . 3 6 . . . . 7 . . . . 2 . 2 . . 3 6 9 2 . 4 8 Detach . | . . . . . . . . . . . . . . . . . . . . . . . . . . . . . Swap 74 | . 4 3 7 6 3 . 12 3 2 1 1 4 4 . 2 . . . . . . 1 3 12 2 . 1 3 Drop 173 | . 5 1 . 1 1 14 9 3 9 1 . 9 . 2 13 . 15 . 7 . . 8 21 14 18 11 3 8 Fire 1888 | . 33 39 80 36 . . 156 40 10 8 29 140 11 5 11 16 60 16 30 . 11 93 164 367 85 98 63 287 Melee 39 | . . . . 18 15 . 6 . . . . . . . . . . . . . . . . . . . . . Ram . | . . . . . . . . . . . . . . . . . . . . . . . . . . . . . Kick . | . . . . . . . . . . . . . . . . . . . . . . . . . . . . . Crush 50 | . 2 2 7 3 . . 2 2 . . 8 9 . . . . 1 . . . . 1 1 4 5 . 1 2 Escape Stasis 17 | . . . . . . . . . . . . . . . 1 . . . . . . . . . . . . 16 Rewire 41 | . . . . . . . . . . . 6 . . . 18 13 1 . 3 . . . . . . . . . Trap 4 | . . . . . . . . . . . . . . . . . 4 . . . . . . . . . . . Miscellaneous 9 | . . . . . . . . . . . . . . . 9 . . . . . . . . . . . . . Route ------- -11/Scrapyard -10/Materials (discovered 5 exits: *Mat x3 / *Min / Sub) -10/Mines (discovered 3 exits: *Mat x2 / *Sub) -9/Materials (discovered 5 exits: *Mat x3 / *Min / *Sto) -9/Storage (discovered 2 exits: *Mat / *Rec) -9/Recycling (discovered 2 exits: *Fac / *Scr) -9/Scraptown (discovered 2 exits: *Fac x2) -6/Factory (discovered 8 exits: *Fac x4 / *Low x2 / *Ext x2) -6/Extension (discovered 3 exits: *Fac x2 / *Cet) -6/Cetus (discovered 3 exits: *Fac x2 / *Arc) -6/Archives (discovered 2 exits: Fac / *Hub) -6/Hub_04(d) (discovered 2 exits: *Fac x2) -5/Factory (discovered 6 exits: *Fac x4 / *Upp x2) -5/Upper Caves -5/Upper Caves (discovered 2 exits: Fac / *War) -5/Warlord -4/Proximity Caves -4/Factory (discovered 6 exits: *Res x4 / *Upp x2) -4/Upper Caves -4/Upper Caves (discovered 2 exits: *Res / *Zhi) -4/Zhirov -3/Proximity Caves -3/Research (discovered 5 exits: *Res x3 / *Arm / *Qua) -3/Quarantine (discovered 2 exits: *Res / *Sec) -3/Section 7 -2/Research (discovered 5 exits: Acc x3 / *Tes x2) -2/Testing -1/Access (discovered 2 exits: Sur / *Com) -1/Command (discovered 1 exit: *Sur) History --------- Turn | Location | Event 7 | -11/Scrapyard | Identified exit to Materials 7 | -11/Scrapyard | Discovered exit to Materials (range 15) 84 | -11/Scrapyard | Entered Materials 84 | -10/Materials | Evolved 1 slot: Utility x1 154 | -10/Materials | Identified exit to Materials 154 | -10/Materials | Discovered exit to Materials (range 13) 194 | -10/Materials | Identified exit to Mines 194 | -10/Materials | Discovered exit to Mines (range 14) 216 | -10/Materials | Discovered exit to Materials (range 9) 324 | -10/Materials | Build established: Hacker-Mutant 459 | -10/Materials | Identified exit to Subcaves 459 | -10/Materials | Discovered exit to Subcaves (range 10) 626 | -10/Materials | Learned 2 Storage zone layouts 674 | -10/Materials | Loaded intel: 5 trap records 740 | -10/Materials | Learned Storage emergency access door positions 758 | -10/Materials | Learned location of 2 exits from Mines 824 | -10/Materials | Learned location of 2 exits from Materials 1368 | -10/Materials | Entered Mines 1369 | -10/Mines | Met a Derelict bent on vengeance 1533 | -10/Mines | Joined a pair of Derelicts in attacking an 0b10 outpost 1808 | -10/Mines | Assembled infested the area 1882 | -10/Mines | Found a damaged Exp. Sensor Array with a note attached 1885 | -10/Mines | Found Prototype Device 2267 | -10/Mines | Entered Materials 2267 | -9/Materials | Evolved 2 slots: Propulsion x1, Utility x1 2268 | -9/Materials | Identified exit to Materials 2604 | -9/Materials | Identified exit to Mines 2604 | -9/Materials | Discovered exit to Mines (range 10) 2778 | -9/Materials | Learned location of Zion (-6) 2851 | -9/Materials | Identified exit to Storage 2916 | -9/Materials | Learned Storage interactive machine intel 3014 | -9/Materials | Learned location of 2 exits from Materials 3448 | -9/Materials | Learned Storage emergency access door positions 3456 | -9/Materials | Identified Exp. Sensor Array 3488 | -9/Materials | Learned location of Storage (-9) 3604 | -9/Materials | Learned Storage trap positions 4888 | -9/Materials | Entered Storage 4889 | -9/Storage | Identified exit to Recycling 4891 | -9/Storage | Loaded intel: 25 trap records 4893 | -9/Storage | Loaded intel: 21 interactive machine locations 5120 | -9/Storage | Met a pair of Derelict thieves 5912 | -9/Storage | Learned Storage trap positions 5944 | -9/Storage | Learned 2 Materials zone layouts 5947 | -9/Storage | Learned location of Recycling (-9) 5961 | -9/Storage | Learned 4 Recycling zone layouts 5986 | -9/Storage | Learned Storage emergency access door positions 6125 | -9/Storage | Used back door to open Recycling access 6132 | -9/Storage | Entered Recycling 6454 | -9/Recycling | Identified exit to Scraptown 6454 | -9/Recycling | Identified exit to Factory 6503 | -9/Recycling | Learned Storage emergency access door positions 6544 | -9/Recycling | Learned Materials interactive machine intel 6601 | -9/Recycling | Learned Storage emergency access door positions 6616 | -9/Recycling | Learned Storage garrison access intel 6641 | -9/Recycling | Learned location of 1 exit from Recycling 6676 | -9/Recycling | Learned Storage trap positions 7258 | -9/Recycling | Scanned before Scraplab entrance 7280 | -9/Recycling | Entered Scraplab 7296 | -9/Recycling | Entered Scraptown 7324 | -9/Scraptown | Heard Great Nut preacher, LISTEN AND RECITE! 7461 | -9/Scraptown | Visited Red Mages 7562 | -9/Scraptown | Visited Fellowship of the Rings 8093 | -9/Scraptown | Visited IN-MT5's Study 8128 | -9/Scraptown | Visited Bundlers 8246 | -9/Scraptown | Visited Comm Corps 8389 | -9/Scraptown | Visited UFD Registry 8409 | -9/Scraptown | Visited Cyclists 8433 | -9/Scraptown | Visited Shadow of the Wyrm 8531 | -9/Scraptown | Identified exit to Factory 8531 | -9/Scraptown | Discovered exit to Factory (range 13) 8660 | -9/Scraptown | Registered with UFD as "Geardrive" 8691 | -9/Scraptown | Entered Cyclist Reading Room 8790 | -9/Scraptown | Visited Chapter 10 8848 | -9/Scraptown | Visited Cartography Club 9065 | -9/Scraptown | Visited DA-N13 Charitable Foundation 9107 | -9/Scraptown | Visited Analyses Database 9329 | -9/Scraptown | Visited LU-1G1's Boring Crew 9388 | -9/Scraptown | Visited Abandonware Association 9409 | -9/Scraptown | Learned abandonware demo "KABOOM.EXE" 9409 | -9/Scraptown | Learned abandonware demo "MELTYB.EXE" 9624 | -9/Scraptown | Found Surveybot 17 Chip 9658 | -9/Scraptown | Learned location of Lower Caves (-7) 9658 | -9/Scraptown | Learned location of Warlord (-5) 9658 | -9/Scraptown | Learned location of Testing (-2) 9658 | -9/Scraptown | Learned 8 Materials zone layouts 9658 | -9/Scraptown | Learned 24 Factory zone layouts 9658 | -9/Scraptown | Learned 16 Research zone layouts 9658 | -9/Scraptown | Learned 4 Access zone layouts 9658 | -9/Scraptown | Learned 8 Access zone layouts 9658 | -9/Scraptown | Learned 8 Upper Caves zone layouts 9658 | -9/Scraptown | Learned 20 Upper Caves zone layouts 9658 | -9/Scraptown | Learned location of 1 exit from Factory 9658 | -9/Scraptown | Learned location of 3 exits from Upper Caves 9663 | -9/Scraptown | Found Deep Structural Scanner 9806 | -9/Scraptown | Visited Scrapoid Research Area 9886 | -9/Scraptown | Visited Scrap Suit Storage 9933 | -9/Scraptown | Visited Modified Component R&D 9982 | -9/Scraptown | Visited A0-MCA Data Center 9992 | -9/Scraptown | Given a C+ rating by A0-MCA 10001 | -9/Scraptown | Found A0-MCA's Component Scanner 10219 | -9/Scraptown | Found Scrap Suit 10383 | -9/Scraptown | Discovered exit to Factory (range 5) 10399 | -9/Scraptown | Entered Factory 10399 | -6/Factory | Evolved 6 slots: Power x1, Propulsion x1, Utility x3, Weapon x1 10400 | -6/Factory | Identified exit to Lower Caves 10401 | -6/Factory | Identified exit to Factory 10402 | -6/Factory | Identified exit to Extension 10689 | -6/Factory | Build established: Hacker-Scrapper 11091 | -6/Factory | Spotted B-75 Beast 11234 | -6/Factory | Destroyed B-75 Beast 11268 | -6/Factory | Lost 9 parts (2p3n2u2w) 11438 | -6/Factory | Scrapoid reinforcements arrived 11461 | -6/Factory | Found Scrap Suit 11828 | -6/Factory | Discovered exit to Factory (range 26) 11834 | -6/Factory | Fabricated O-24 Administrator (x1) 12025 | -6/Factory | Learned Extension emergency access door positions 12069 | -6/Factory | Fabricated Adv. Shield Generator (x2) 12091 | -6/Factory | Loaded intel: 103 trap records 12238 | -6/Factory | Learned Hub_04(d) stockpile data 12316 | -6/Factory | Learned location of 1 exit from Proximity Caves 12334 | -6/Factory | Scrapoids reinforcements arrived? 12354 | -6/Factory | Learned 4 Factory zone layouts 12387 | -6/Factory | Build established: Scavenger-Scrapper 12400 | -6/Factory | Learned location of Extension (-6) 12459 | -6/Factory | Lost 3 allies 12522 | -6/Factory | Found Scrap Suit 12530 | -6/Factory | Scrapoid reinforcements arrived 12645 | -6/Factory | Repaired Corrupted Imp. Medium Treads 12672 | -6/Factory | Repaired Broken Missile Launcher 12703 | -6/Factory | Repaired Corrupted Imp. Cooling System 12793 | -6/Factory | Scrapoid reinforcements arrived 13071 | -6/Factory | Lost 3 allies 13159 | -6/Factory | Scrapoids reinforcements arrived? 13316 | -6/Factory | Entered Extension 13316 | -6/Extension | Accompanied by 9 allies 13446 | -6/Extension | Build established: Commander-Scrapper 13451 | -6/Extension | Rescued a captive Derelict 13749 | -6/Extension | Spotted B-75 Beast 13764 | -6/Extension | Destroyed B-75 Beast 13770 | -6/Extension | Spotted B-75 Beast 13784 | -6/Extension | Destroyed B-75 Beast 14102 | -6/Extension | Build established: Scavenger-Scrapper 14293 | -6/Extension | Rescued a captive Derelict 14309 | -6/Extension | Rescued a captive Derelict 14525 | -6/Extension | Rescued a captive Derelict 14567 | -6/Extension | Rescued a captive Derelict 14573 | -6/Extension | Rescued A7 14819 | -6/Extension | Identified exit to Cetus 14819 | -6/Extension | Discovered exit to Cetus (range 16) 14935 | -6/Extension | Rescued a captive Derelict 14936 | -6/Extension | Rescued a captive Derelict 15043 | -6/Extension | Entered Cetus 15043 | -6/Cetus | Accompanied by 6 allies (A7) 15048 | -6/Cetus | Acquired a Cetus Manufacturing Module code from A7 15065 | -6/Cetus | Spotted Cetus Guard 15065 | -6/Cetus | Spotted Cetus Guard 15067 | -6/Cetus | Spotted Cetus Guard 15068 | -6/Cetus | Spotted Cetus Guard 15075 | -6/Cetus | Allies destroyed Cetus Guard 15077 | -6/Cetus | Allies destroyed Cetus Guard 15078 | -6/Cetus | Allies destroyed Cetus Guard 15083 | -6/Cetus | Allies destroyed Cetus Guard 15199 | -6/Cetus | Started Cetus Manufacturing Module 15209 | -6/Cetus | Escorted A7 to Cetus Mainframe 15224 | -6/Cetus | Manufactured an Enhanced Grunt 15249 | -6/Cetus | Manufactured an Enhanced Grunt 15274 | -6/Cetus | Manufactured an Enhanced Grunt 15299 | -6/Cetus | Manufactured an Enhanced Grunt 15324 | -6/Cetus | Manufactured an Enhanced Grunt 15347 | -6/Cetus | Identified exit to Archives 15347 | -6/Cetus | Discovered exit to Archives (range 15) 15377 | -6/Cetus | Spotted Cetus Guard 15377 | -6/Cetus | Spotted Cetus Guard 15378 | -6/Cetus | Destroyed Cetus Guard 15380 | -6/Cetus | Spotted Cetus Guard 15380 | -6/Cetus | Allies destroyed Cetus Guard 15380 | -6/Cetus | Spotted Cetus Guard 15382 | -6/Cetus | Allies destroyed Cetus Guard 15387 | -6/Cetus | Allies destroyed Cetus Guard 15390 | -6/Cetus | Build established: Scavenger-Tank 15410 | -6/Cetus | Met Revision 17 15467 | -6/Cetus | Entered Archives 15467 | -6/Archives | Accompanied by 9 allies (A7) 15472 | -6/Archives | Received a hacking code to weaken MAIN.C 15533 | -6/Archives | Identified exit to Hub_04(d) 15533 | -6/Archives | Discovered exit to Hub_04(d) (range 16) 15605 | -6/Archives | Entered Hub_04(d) 15605 | -6/Hub_04(d) | Accompanied by 8 allies 15757 | -6/Hub_04(d) | Discovered exit to Factory (range 6) 15828 | -6/Hub_04(d) | Discovered exit to Factory (range 4) 16103 | -6/Hub_04(d) | Network Hub disabled 16258 | -6/Hub_04(d) | Spotted Lightning 16260 | -6/Hub_04(d) | Spotted Lightning 16260 | -6/Hub_04(d) | Spotted Lightning 16282 | -6/Hub_04(d) | Allies destroyed Lightning 16283 | -6/Hub_04(d) | Destroyed Lightning 16327 | -6/Hub_04(d) | Network Hub disabled 16330 | -6/Hub_04(d) | Lost 7 allies 16331 | -6/Hub_04(d) | Entered Factory 16331 | -5/Factory | Evolved 2 slots: Utility x2 16332 | -5/Factory | Identified exit to Factory 16621 | -5/Factory | Identified exit to Upper Caves 16631 | -5/Factory | First assault squad dispatched 16703 | -5/Factory | Learned Extension emergency access door positions 16794 | -5/Factory | Learned location of Armory (-3) 16802 | -5/Factory | Destroyed 8 combat bots 16831 | -5/Factory | Learned 2 Extension zone layouts 16895 | -5/Factory | Lost 3 parts (2u1w) 17426 | -5/Factory | Scrapoids reinforcements arrived? 17516 | -5/Factory | Found Scrap Suit 17527 | -5/Factory | Lost 5 allies 17989 | -5/Factory | Fabricated O-24 Administrator? 18096 | -5/Factory | Fabricated M-36 Artificer? 18218 | -5/Factory | Build established: Hacker-Tank 18376 | -5/Factory | Learned location of 2 exits from Factory 18449 | -5/Factory | Learned 2 Upper Caves zone layouts 18570 | -5/Factory | Learned Research repair station intel 18614 | -5/Factory | Loaded intel: 24 terminal locations 18693 | -5/Factory | Learned Extension terminal intel 18745 | -5/Factory | Learned 2 Extension zone layouts 18807 | -5/Factory | Learned Research emergency access door positions 18868 | -5/Factory | Fabricated P-70 Sage? 18877 | -5/Factory | Fabricated P-70 Sage? 18945 | -5/Factory | Repaired Broken Centrium Heavy Treads? 19008 | -5/Factory | Fabricated Adv. Hardlight Generator (x2) 19051 | -5/Factory | Fabricated M-36 Artificer (x1) 19053 | -5/Factory | Fabricated Gatling Laser (x2) 19140 | -5/Factory | Fabricated I-47 Archangel (x1) 19233 | -5/Factory | Fabricated M-36 Artificer (x1) 19477 | -5/Factory | Scrapoids reinforcements arrived? 19513 | -5/Factory | Scrapoid reinforcements arrived 19754 | -5/Factory | Build established: Commander-Tank 19823 | -5/Factory | Scrapoid reinforcements arrived 19887 | -5/Factory | Fabricated I-47 Archangel (x1) 19945 | -5/Factory | Fabricated Adv. Cryofiber Web (x2) 19972 | -5/Factory | Scrapoids reinforcements arrived? 20114 | -5/Factory | Entered Upper Caves 20114 | -5/Upper Caves | Accompanied by 28 allies 20115 | -5/Upper Caves | Identified exit to Upper Caves 20222 | -5/Upper Caves | Found DCF Scrap (11 items) 20422 | -5/Upper Caves | Learned 8 Factory zone layouts 20741 | -5/Upper Caves | Entered another Upper Caves area 20741 | -5/Upper Caves | Accompanied by 28 allies 20742 | -5/Upper Caves | Identified exit to Warlord 20870 | -5/Upper Caves | Attracted the attention of an 0b10 base 20904 | -5/Upper Caves | Learned location of 1 exit from Factory 20970 | -5/Upper Caves | Learned location of 1 exit from Research 20970 | -5/Upper Caves | Learned 8 Factory zone layouts 20970 | -5/Upper Caves | Learned Research terminal intel 21198 | -5/Upper Caves | Entered Warlord 21198 | -5/Warlord | Accompanied by 27 allies 21253 | -5/Warlord | System corruption cleaned by Quarantine Array 21395 | -5/Warlord | Rebuked by Warlord 21420 | -5/Warlord | Warlord's base attacked by MAIN.C 21445 | -5/Warlord | Found Prototype Reactor 21445 | -5/Warlord | Identified Vortex Chain Reactor 21456 | -5/Warlord | Found Prototype Device 21463 | -5/Warlord | Found Prototype Processor 21578 | -5/Warlord | Found Prototype Energy Gun 21578 | -5/Warlord | Identified Vortex Rail 21584 | -5/Warlord | Found Prototype Energy Gun 21587 | -5/Warlord | Found Prototype Energy Gun 21595 | -5/Warlord | Found Vortex Rail 21727 | -5/Warlord | Found Prototype Device 21727 | -5/Warlord | Identified Minesniffer Drone Bay 21770 | -5/Warlord | Warlord forces counterattacked 22044 | -5/Warlord | Spotted Striker 22047 | -5/Warlord | Spotted Executioner 22052 | -5/Warlord | Allies destroyed Executioner 22056 | -5/Warlord | Allies destroyed Striker 22086 | -5/Warlord | Found Prototype Device 22095 | -5/Warlord | Warlord base infiltrated, sounded retreat 22095 | -5/Warlord | Lost 3 allies 22095 | -5/Warlord | Found Prototype Processor 22126 | -5/Warlord | Spotted Executioner 22131 | -5/Warlord | Allies destroyed Executioner 22161 | -5/Warlord | Lost 6 allies 22223 | -5/Warlord | Spotted Executioner 22224 | -5/Warlord | Sage 6b assimilated hostile E-15 Imp 22226 | -5/Warlord | Allies destroyed Executioner 22234 | -5/Warlord | Sage 6c assimilated hostile E-15 Imp 22245 | -5/Warlord | Crushed by falling debris 22253 | -5/Warlord | Identified exit to Proximity Caves 22253 | -5/Warlord | Discovered exit to Proximity Caves (range 15) 22282 | -5/Warlord | Lost 10 allies 22307 | -5/Warlord | Entered Proximity Caves 22307 | -4/Proximity Caves | Accompanied by 17 allies 22410 | -4/Proximity Caves | Spotter reported a threat 22444 | -4/Proximity Caves | Spotter reported a threat 22497 | -4/Proximity Caves | Attracted the attention of an 0b10 outpost 22648 | -4/Proximity Caves | Spotter reported a threat 22708 | -4/Proximity Caves | Spotter reported a threat 22859 | -4/Proximity Caves | Learned 4 Research zone layouts 22974 | -4/Proximity Caves | Received a Behemoth hack from an annoying Tinkerer 23000 | -4/Proximity Caves | Spotted B-86 Titan 23007 | -4/Proximity Caves | Allies destroyed B-86 Titan 23209 | -4/Proximity Caves | Entered Factory 23209 | -4/Factory | Accompanied by 17 allies 23209 | -4/Factory | Evolved 2 slots: Utility x2 23210 | -4/Factory | Identified exit to Research 23211 | -4/Factory | Identified exit to Upper Caves 23270 | -4/Factory | Sage 6b assimilated hostile S-27 Virus 23417 | -4/Factory | Lost 6 allies 23488 | -4/Factory | Search patrols dispatched 23569 | -4/Factory | Fabricated Exp. Heat Sink (x1) 23653 | -4/Factory | Fabricated P-70 Sage? 23709 | -4/Factory | Search patrols dispatched 23752 | -4/Factory | Fabricated O-24 Administrator (x1) 23790 | -4/Factory | Spotted B-86 Titan 23793 | -4/Factory | Destroyed B-86 Titan 23916 | -4/Factory | Scrapoids reinforcements arrived? 23945 | -4/Factory | Identified Exp. Focal Shield 23945 | -4/Factory | Identified Adv. Kinecellerator 23945 | -4/Factory | Identified Vortex Shotgun (x2) 23945 | -4/Factory | Identified Exp. Core Analyzer 23945 | -4/Factory | Identified Exp. Armor Integrity Analyzer 24038 | -4/Factory | Fabricated O-24 Administrator (x1) 24131 | -4/Factory | Fabricated M-36 Artificer (x1) 24332 | -4/Factory | Learned Testing emergency access door positions 24377 | -4/Factory | Learned Research emergency access door positions 24410 | -4/Factory | Learned Research security intel 24446 | -4/Factory | Loaded intel: 4 scanalyzer locations 24448 | -4/Factory | Learned location of 2 exits from Upper Caves 24449 | -4/Factory | Learned Research terminal intel 24450 | -4/Factory | Learned 2 Proximity Caves zone layouts 24462 | -4/Factory | Learned 2 Armory zone layouts 24485 | -4/Factory | Learned 2 Upper Caves zone layouts 24573 | -4/Factory | Scrapoids reinforcements arrived? 24637 | -4/Factory | Scrapoids reinforcements arrived? 24813 | -4/Factory | Scrapoid reinforcements arrived 25029 | -4/Factory | Found Scrap Suit 25051 | -4/Factory | Lost 4 allies 25145 | -4/Factory | Fabricated Centrium Medium Armor Plating (x1) 25173 | -4/Factory | Fabricated P-70 Sage (x2) 25234 | -4/Factory | First assault squad dispatched 25302 | -4/Factory | Lost 4 allies 25402 | -4/Factory | Entered Upper Caves 25402 | -4/Upper Caves | Accompanied by 20 allies 25403 | -4/Upper Caves | Identified exit to Upper Caves 25748 | -4/Upper Caves | Attracted the attention of an 0b10 base 25759 | -4/Upper Caves | Sage 7c assimilated hostile G-67 Veteran 25841 | -4/Upper Caves | Encountered a Warlord checkpoint 25974 | -4/Upper Caves | Attracted the attention of an 0b10 checkpoint 26352 | -4/Upper Caves | Entered another Upper Caves area 26352 | -4/Upper Caves | Accompanied by 17 allies 26353 | -4/Upper Caves | Identified exit to Zhirov 26453 | -4/Upper Caves | Spotted B-86 Titan 26458 | -4/Upper Caves | Destroyed B-86 Titan 26528 | -4/Upper Caves | Learned Research stockpile data 26632 | -4/Upper Caves | Encountered a Warlord checkpoint 26821 | -4/Upper Caves | Attracted the attention of an 0b10 outpost 26897 | -4/Upper Caves | Attracted the attention of an 0b10 checkpoint 27640 | -4/Upper Caves | Discovered exit to Research (range 22) 28246 | -4/Upper Caves | Entered Zhirov 28246 | -4/Zhirov | Accompanied by 15 allies 28246 | -4/Zhirov | Identified exit to Proximity Caves 28246 | -4/Zhirov | Discovered exit to Proximity Caves (range 3) 28275 | -4/Zhirov | Met Zhirov 28333 | -4/Zhirov | Zhirov requested help retrieving the SGEMP Prototype 28357 | -4/Zhirov | Found Alien Artifact 28357 | -4/Zhirov | Identified Integrated Dissipator 28357 | -4/Zhirov | Installed Integrated Dissipator, increased core heat dissipation (+20) 28490 | -4/Zhirov | Entered Proximity Caves 28490 | -3/Proximity Caves | Accompanied by 15 allies 28588 | -3/Proximity Caves | Spotter reported a threat 29053 | -3/Proximity Caves | Entered Research 29053 | -3/Research | Accompanied by 15 allies 29053 | -3/Research | Evolved 2 slots: Utility x2 29054 | -3/Research | Identified exit to Armory 29055 | -3/Research | Identified exit to Research 29060 | -3/Research | Loaded intel: 26 terminal locations 29061 | -3/Research | Loaded intel: 4 repair station locations 29091 | -3/Research | Garrison activated, responded to threat 29110 | -3/Research | Spotted B-86 Titan 29122 | -3/Research | Allies destroyed B-86 Titan 29253 | -3/Research | Revision forces began assault on 0b10 29264 | -3/Research | Met up with Revision 17++ 29351 | -3/Research | Fabricated P-70 Sage? 29570 | -3/Research | Lost 3 allies 29705 | -3/Research | Found Fusion Bomb Launcher 29746 | -3/Research | Lost 5 allies 29753 | -3/Research | Research terminal network offline 29784 | -3/Research | Found Prototype Device 29784 | -3/Research | Identified Exp. Thermal Shield 29787 | -3/Research | Found Exp. Thermal Shield 29792 | -3/Research | Found Exp. Hacking Suite 29805 | -3/Research | Spotted Striker 29811 | -3/Research | Destroyed Striker 29839 | -3/Research | Lost 7 allies 30084 | -3/Research | Discovered exit to Research (range 23) 30088 | -3/Research | Build established: Scavenger-Tank 30160 | -3/Research | Spotted Striker 30161 | -3/Research | Spotted Striker 30166 | -3/Research | Destroyed Striker 30226 | -3/Research | Fabricated Hdn. Centrium Heavy Treads (x1) 30419 | -3/Research | Lost 3 allies 30458 | -3/Research | Build established: Hacker-Tank 30556 | -3/Research | Spotted Striker 30557 | -3/Research | Spotted Striker 30561 | -3/Research | Destroyed Striker 30586 | -3/Research | Discovered exit to Research (range 23) 30593 | -3/Research | Destroyed Striker 30715 | -3/Research | Identified exit to Quarantine 30715 | -3/Research | Discovered exit to Quarantine (range 18) 30807 | -3/Research | Spotted B-90 Cyclops 30838 | -3/Research | Destroyed B-90 Cyclops 30865 | -3/Research | Entered Quarantine 30865 | -3/Quarantine | Accompanied by 1 ally 31247 | -3/Quarantine | Found Alien Artifact 31297 | -3/Quarantine | Found Alien Artifact 31491 | -3/Quarantine | Identified Transdimensional Reconstructor 31491 | -3/Quarantine | Identified Subatomic Replicator 31616 | -3/Quarantine | Discovered exit to Research (range 24) 31622 | -3/Quarantine | Found Alien Artifact 31700 | -3/Quarantine | Learned 4 Access zone layouts 31736 | -3/Quarantine | Scanned by Researcher 31746 | -3/Quarantine | Learned Testing emergency access door positions 31750 | -3/Quarantine | Found Alien Artifact 31780 | -3/Quarantine | Learned Research trap positions 31788 | -3/Quarantine | Identified Core Reset Matrix 31788 | -3/Quarantine | Identified Phase Armor 31820 | -3/Quarantine | Identified exit to Section 7 31824 | -3/Quarantine | Learned location of 1 exit from Armory 31825 | -3/Quarantine | Learned location of 1 exit from Section 7 31829 | -3/Quarantine | Learned location of 1 exit from Research 31845 | -3/Quarantine | Learned 12 Access zone layouts 32217 | -3/Quarantine | Found Alien Artifact 32237 | -3/Quarantine | Found Alien Artifact 32472 | -3/Quarantine | Found Prototype Device 32475 | -3/Quarantine | Found Prototype Device 32475 | -3/Quarantine | Identified Exp. Shield Generator (x2) 32583 | -3/Quarantine | Identified Terrabomb (x2) 32803 | -3/Quarantine | Spotted Alpha 7 32838 | -3/Quarantine | Destroyed Alpha 7 32928 | -3/Quarantine | Repaired Broken Exp. Cooling System 33037 | -3/Quarantine | Found Alien Energy Cannon 33144 | -3/Quarantine | Identified Core Cannon 33164 | -3/Quarantine | Found Alien Launcher 33220 | -3/Quarantine | Spotted Fortress 33843 | -3/Quarantine | Destroyed Fortress 33879 | -3/Quarantine | Found Prototype Device 33879 | -3/Quarantine | Identified Thermal Barrier 33885 | -3/Quarantine | Found Prototype Device 33885 | -3/Quarantine | Identified Exp. Force Field 33897 | -3/Quarantine | Found Exp. EM Disruption Field 33904 | -3/Quarantine | Found Centrium Heavy Armor Plating 34055 | -3/Quarantine | Entered Section 7 34141 | -3/Section 7 | Found Alien Artifact 34246 | -3/Section 7 | Destroyed 7 combat bots 34305 | -3/Section 7 | First assault squad dispatched 34356 | -3/Section 7 | Spotted B-86 Titan 34374 | -3/Section 7 | Destroyed B-86 Titan 34557 | -3/Section 7 | Found Alien Artifact 34598 | -3/Section 7 | Build established: Wizard-Tank 34925 | -3/Section 7 | Found Alien Artifact 34937 | -3/Section 7 | Destroyed 14 combat bots 35150 | -3/Section 7 | Destroyed 8 combat bots 35505 | -3/Section 7 | Found Alien Artifact 35556 | -3/Section 7 | Learned 12 Research zone layouts 35573 | -3/Section 7 | Found Integrated Dissipator 35630 | -3/Section 7 | Spotted S7 Guard 35634 | -3/Section 7 | Learned 4 Quarantine zone layouts 35642 | -3/Section 7 | Destroyed S7 Guard 35643 | -3/Section 7 | Core integrity fell below 50% 35704 | -3/Section 7 | Learned Quarantine terminal intel 35704 | -3/Section 7 | Found Alien Artifact 35742 | -3/Section 7 | Identified Integrated Thermoelectric Network 35742 | -3/Section 7 | Identified Integrity Redistributor 35742 | -3/Section 7 | Identified Spacefold Activator (x2) 35779 | -3/Section 7 | Spotted S7 Guard 35814 | -3/Section 7 | Learned location of 2 exits from Research 35852 | -3/Section 7 | Learned Quarantine emergency access door positions 36173 | -3/Section 7 | Learned Research trap positions 36180 | -3/Section 7 | System corruption reached 10% 36217 | -3/Section 7 | Learned Research trap positions 36271 | -3/Section 7 | Learned Access stockpile data 36284 | -3/Section 7 | Learned 4 Research zone layouts 36288 | -3/Section 7 | Learned Research emergency access door positions 36289 | -3/Section 7 | Learned 4 Research zone layouts 36293 | -3/Section 7 | Learned Research trap positions 36534 | -3/Section 7 | Spotted Alpha 7 36534 | -3/Section 7 | Spotted Alpha 7 36557 | -3/Section 7 | Destroyed Alpha 7 36563 | -3/Section 7 | Installed Integrated Thermoelectric Network, gained heat-energy exchange potential 36654 | -3/Section 7 | Destroyed Alpha 7 36696 | -3/Section 7 | Found Prototype Processor 36696 | -3/Section 7 | Identified Exp. Melee Analysis Suite 36762 | -3/Section 7 | Identified Sigix Terminator 36762 | -3/Section 7 | Identified Integrated Reactor 36763 | -3/Section 7 | Used Subatomic Replicator to create Alien Launcher 36764 | -3/Section 7 | Installed Integrated Reactor, increased core energy generation (+10) 37266 | -3/Section 7 | Destroyed S7 Guard 37291 | -3/Section 7 | Found Alien Artifact 37378 | -3/Section 7 | Spotted Executioner 37383 | -3/Section 7 | Core integrity fell below 20% 37489 | -3/Section 7 | Spotted Executioner 37492 | -3/Section 7 | Destroyed Executioner 37496 | -3/Section 7 | Destroyed Executioner 37539 | -3/Section 7 | Found Adv. Kinecellerator 37546 | -3/Section 7 | Found Exp. Core Analyzer 37667 | -3/Section 7 | Scanned by Researcher 37668 | -3/Section 7 | Intercept squad dispatched 37682 | -3/Section 7 | Spotted Tracker 37698 | -3/Section 7 | Destroyed Tracker 37704 | -3/Section 7 | Spotted Tracker 37713 | -3/Section 7 | Destroyed Tracker 37716 | -3/Section 7 | Spotted Combat Programmer 37716 | -3/Section 7 | Spotted Combat Programmer 37724 | -3/Section 7 | Destroyed Combat Programmer 37737 | -3/Section 7 | Destroyed Combat Programmer 37774 | -3/Section 7 | Destroyed 7 combat bots 37924 | -3/Section 7 | Spotted B-99 Colossus 37959 | -3/Section 7 | Destroyed B-99 Colossus 38047 | -3/Section 7 | Found Alien Artifact 38053 | -3/Section 7 | Found Alien Artifact 38111 | -3/Section 7 | Found Alien Artifact 38114 | -3/Section 7 | Found Alien Artifact 38260 | -3/Section 7 | Build established: Hacker-Gunner 38284 | -3/Section 7 | Identified LRC Matter Compressor 38284 | -3/Section 7 | Identified LRC Inertial Stabilizer 38284 | -3/Section 7 | Installed LRC Matter Compressor, increased matter storage capacity (+125) 38285 | -3/Section 7 | Installed LRC Inertial Stabilizer, increased mass support (+10) 38429 | -3/Section 7 | Entered Research 38429 | -2/Research | Evolved 2 slots: Utility x1, Weapon x1 38430 | -2/Research | Identified exit to Access 38430 | -2/Research | Identified exit to Testing 38433 | -2/Research | Loaded intel: 88 trap records 38435 | -2/Research | Loaded intel: 22 terminal locations 38624 | -2/Research | Scrapoid reinforcements arrived 38774 | -2/Research | Identified Core Expander (x2) 38774 | -2/Research | Identified Navigation Efficiency Matrix 38774 | -2/Research | Identified Supercharged Sigix Terminator 38982 | -2/Research | Found Exp. Thermal Shield 38993 | -2/Research | Intercept squad dispatched 38997 | -2/Research | Spotted Tracker 38998 | -2/Research | Spotted Tracker 39000 | -2/Research | Allies destroyed Tracker 39010 | -2/Research | Destroyed Tracker 39022 | -2/Research | Found Corrupted Scrap Suit 39023 | -2/Research | Spotted Combat Programmer 39031 | -2/Research | Destroyed Combat Programmer 39036 | -2/Research | Build established: Hacker-Tank 39040 | -2/Research | Lost 3 allies 39041 | -2/Research | Found Scrap Suit 39041 | -2/Research | Spotted Combat Programmer 39050 | -2/Research | Destroyed Combat Programmer 39217 | -2/Research | First assault squad dispatched 39325 | -2/Research | Found Prototype Device 39390 | -2/Research | Fabricated Ovr. Quantum Rifle (x1) 39416 | -2/Research | Build established: Scavenger-Tank 39423 | -2/Research | Fabricated Adv. Hardlight Generator (x2) 39482 | -2/Research | Fabricated Exp. EM Disruption Field? 39538 | -2/Research | Fabricated Com. HERF Cannon (x1) 39594 | -2/Research | Fabricated Hdn. Centrium Heavy Treads (x1) 39702 | -2/Research | Identified Exp. Actuator Array 39724 | -2/Research | Build established: Hacker-Tank 39764 | -2/Research | Intercept squad dispatched 39767 | -2/Research | Spotted Tracker 39768 | -2/Research | Spotted Combat Programmer 39768 | -2/Research | Spotted Tracker 39778 | -2/Research | Destroyed Combat Programmer 39781 | -2/Research | Destroyed Tracker 39785 | -2/Research | Destroyed Tracker 39802 | -2/Research | Spotted Combat Programmer 39811 | -2/Research | Destroyed Combat Programmer 39839 | -2/Research | Cargo convoy interrupted 39839 | -2/Research | Spotted Executioner 39843 | -2/Research | Destroyed Executioner 39864 | -2/Research | Entered Testing 39911 | -2/Testing | Found Prototype Energy Gun 39963 | -2/Testing | Identified Tachyon Dispersion Ray 40067 | -2/Testing | Spotted PG-I2ROQXL2KP 40126 | -2/Testing | Spotted Striker 40145 | -2/Testing | Found Thermal Barrier 40186 | -2/Testing | Found Prototype Energy Cannon 40190 | -2/Testing | Found Prototype Energy Cannon 40293 | -2/Testing | Identified Potential Cannon (x2) 40377 | -2/Testing | Found Prototype Energy Gun 40402 | -2/Testing | Intercept squad dispatched 40405 | -2/Testing | Found Prototype Launcher 40413 | -2/Testing | Spotted Tracker 40414 | -2/Testing | Spotted Tracker 40444 | -2/Testing | Spotted Combat Programmer 40444 | -2/Testing | Spotted Combat Programmer 40447 | -2/Testing | Destroyed Tracker 40452 | -2/Testing | Destroyed Combat Programmer 40456 | -2/Testing | Destroyed Combat Programmer 40520 | -2/Testing | Destroyed Tracker 40536 | -2/Testing | Identified Warp Gun 40536 | -2/Testing | Identified Z-bomb Delivery System 40542 | -2/Testing | Found Prototype Launcher 40547 | -2/Testing | Identified Enh. Gamma Bomb Array 40595 | -2/Testing | Found Prototype Energy Gun 40736 | -2/Testing | Fabricated Beam Splitter? 40984 | -2/Testing | Discovered exit to Access (range 15) 41055 | -2/Testing | Found Prototype Device 41074 | -2/Testing | Protovariant out of control (PG-I2ROQXL2KP) 41074 | -2/Testing | Unleashed a protovariant (PG-I2ROQXL2KP) 41176 | -2/Testing | Found Prototype Device 41278 | -2/Testing | Identified Exp. Hardlight Generator 41278 | -2/Testing | Identified AEGIS Remote Shield 41278 | -2/Testing | Identified Hyp. EM Gauss Rifle 41401 | -2/Testing | Spotted Striker 41515 | -2/Testing | Entered Access 41515 | -1/Access | Evolved 2 slots: Utility x2 41516 | -1/Access | Identified exit to Command 41516 | -1/Access | Identified exit to Surface 41895 | -1/Access | Fabricated Prc. Energy Filter? 42071 | -1/Access | Intercept squad dispatched 42080 | -1/Access | Spotted Tracker 42081 | -1/Access | Spotted Tracker 42087 | -1/Access | Destroyed Tracker 42091 | -1/Access | Destroyed Tracker 42109 | -1/Access | Spotted Combat Programmer 42116 | -1/Access | Destroyed Combat Programmer 42126 | -1/Access | Scrapoids reinforcements arrived? 42130 | -1/Access | Garrison activated, responded to threat 42133 | -1/Access | Spotted Combat Programmer 42134 | -1/Access | Combat Programmer assimilated allied 01A79-D 42137 | -1/Access | Allies destroyed Combat Programmer 42188 | -1/Access | Lost 3 allies 42205 | -1/Access | Destroyed 11 combat bots 42346 | -1/Access | Entered Command 42346 | -1/Command | Accompanied by 1 ally 42479 | -1/Command | Phase Generator disabled 42675 | -1/Command | P-80 Master assimilated allied 01A78-D 43140 | -1/Command | Fired Supercharged Sigix Terminator 43140 | -1/Command | High security lockdown imminent 43140 | -1/Command | MAIN.C activated Command garrisons 43218 | -1/Command | Destroyed 206 combat bots 43775 | -1/Command | Destroyed 139 combat bots 43779 | -1/Command | Spotted Executioner 43792 | -1/Command | Destroyed Executioner 43792 | -1/Command | Spotted Combat Programmer 43792 | -1/Command | Spotted B-99 Colossus 43793 | -1/Command | Spotted Executioner 43795 | -1/Command | Spotted M Guard 43798 | -1/Command | Destroyed Executioner 43800 | -1/Command | Spotted Striker 43802 | -1/Command | Destroyed Combat Programmer 43802 | -1/Command | Spotted Combat Programmer 43806 | -1/Command | Destroyed Striker 43816 | -1/Command | Destroyed Combat Programmer 43817 | -1/Command | Spotted B-99 Colossus 43826 | -1/Command | Spotted M Guard 43834 | -1/Command | Destroyed M Guard 43877 | -1/Command | Spotted B-99 Colossus 43882 | -1/Command | Core integrity fell below 50% 43923 | -1/Command | Discovered exit to Surface (range 11) 43925 | -1/Command | Core integrity fell below 20% 43925 | -1/Command | Released all parts (2) 43935 | -1/Command | Destroyed by H-88 Terminator with Heavy Machine Gun Last Messages --------------- 43928_ Stasis field depleted. 43928_ Triggered Stasis Trap. 43928_ A bubble of rippling energy engulfs the area. 43928_ Field strength at 87. 43929_ Field strength at 74. 43929_ Penetrated by Slug. 43929_ Slug penetrates Wall. 43930_ Field strength at 49. 43931_ Field strength at 32. 43931_ Critical hit (Burn: +27). 43932_ Field strength at 7. 43932_ Penetrated by Slug. 43932_ Stasis field depleted. 43933_ The Access Shell folds into the floor. 43934_ Triggered Stasis Trap. 43934_ A bubble of rippling energy engulfs the area. 43934_ Field strength at 87. 43935_ Field strength at 74. Map ----- +----------------------------------------------------+ | ?????????# #########+##??????????? | | ?????????# % ?????????? | | ???????### % % [ ?????????? | | ???????# ==! ?????????? | | ???????# %= % ????????? | | ???????### %/! #??????????? | | ?????????# #??????????? | | ?????????# ####""" ""#! #??????????? | | ?????????# #??#"""T"""#%! #??????????? | | ?????????# #??#########! #??????????? | | ?????????# #??????????# = #######+###??????????? | | ?????????# #??????????#ggp #????????????????????? | | ?????????# #?????????##shgg##???????????????????? | | ?????????# #?????????#^ #???????????????????? | | ?????????# ?????????## ##??????????????????? | | ????????? ?????????# ^ #??????????????????? | | ????????? ?????????## ^ ##??????????????????? | | ????????? ?????????# ^ #??????????????????? | | ????????? ?????????## ^ ^##??????????????????? | | ????????## ?????????# ^ #??????????????????? | | ?????????? ?????????##s ^##??????????????????? | | ?????????????????????# #??????????????????? | | ???????????????????#### ####????????????????? | | ???????????????????# #????????????????? | | ???????????????????# #????????????????? | | ???????????????????# @ #????????????????? | | ???????????????????# ^ #????????????????? | | ???????????????????# ^ #????????????????? | | ???????????????????# "" ^ #????????????????? | | ???????????????????# "< #????????????????? | | ???????????????????# #????????????????? | | ???????????????????# #????????????????? | | ???????????????????# #????????????????? | | ???????????????????# #????????????????? | | ???????????????????# #????????????????? | | ???????????????????##############????????????????? | | ?????????????????????????????????????????????????? | | ?????????????????????????????????????????????????? | | ?????????????????????????????????????????????????? | | ?????????????????????????????????????????????????? | | ?????????????????????????????????????????????????? | | ?????????????????????????????????????????????????? | | ?????????????????????????????????????????????????? | | ?????????????????????????????????????????????????? | | ?????????????????????????????????????????????????? | | ?????????????????????????????????????????????????? | | ?????????????????????????????????????????????????? | | | | | | | +----------------------------------------------------+ Best States ------------- Heat Dissipation 133 Energy Generation 63 Energy Capacity 700 Matter Stores 425 Matter Capacity 425 Sight Range 16 Robot Scan Range 16 Terrain Scan Range 24 Terrain Scan Density 1210 Jamming Range 16 Base Temperature (-) 200 Corruption Containment 8 Armor Coverage 1650 Resistance: KI 65 Resistance: TH 100 Resistance: EX 35 Resistance: EM 100 Resistance: I 35 Resistance: S 35 Resistance: P 35 Core Shielding 40 Weapon Shielding 90 Weapon Cycling 25 Phase Shifting 15 Evasion (%) 62 Core Analysis 8 Armor Integrity Analysis 50 Recoil Reduction 4 Energy Filtering 50 Kinecelleration 50 Salvage Targeting 4 Offensive Hacking 50 Defensive Hacking 14 Authchip Count 4 Item Schematics ----------------- Exp. Sensor Array | -9/Materials | Scanalyzed Hacking Suite | -9/Materials | Scanalyzed Med. Armor Plating | -9/Materials | Scanalyzed Hcp. Storage Unit | -9/Materials | Scanalyzed Lgt. Angular Momentum Engine | -9/Materials | Scanalyzed Lrg. Matter Pod | -9/Materials | Extracted Imp. Flight Unit | -9/Materials | Extracted Imp. Assault Rifle | -9/Materials | Extracted Beam Rifle | -9/Materials | Extracted Imp. EM Shotgun | -9/Materials | Extracted Welding Torch | -9/Materials | Extracted Maul | -9/Materials | Extracted Imp. Light Cannon | -9/Materials | Extracted VTOL Module | -9/Materials | Extracted Hcp. Battery | -9/Materials | Extracted Imp. Cooling System | -9/Storage | Hacked Adv. Terrain Scan Processor | -9/Storage | Hacked Core Analyzer | -9/Recycling | Hacked Energy Filter | -9/Recycling | Hacked Lrn. Tractor Beam | -6/Factory | Hacked Adv. Shield Generator | -6/Factory | Hacked Remote Shield | -6/Factory | Extracted Gatling Laser | -6/Factory | Extracted Gui. EMP Blaster | -6/Factory | Scanalyzed Imp. Medium Treads | -6/Factory | Scanalyzed Mak. Microdissipator Network | -6/Factory | Scanalyzed System Restoration Module | -6/Factory | Scanalyzed Plasma Cutter | -6/Factory | Scanalyzed Missile Launcher | -6/Factory | Scanalyzed Prc. Assault Rifle | -6/Factory | Scanalyzed Imp. Datajack | -6/Factory | Extracted Cloaking Device | -6/Factory | Extracted Imp. Gravmag System | -6/Factory | Extracted Terrain Scan Processor | -6/Factory | Extracted Lgt. Particle Reactor | -5/Factory | Hacked Centrium Medium Armor Plating | -5/Factory | Scanalyzed Centrium Heavy Treads | -5/Factory | Scanalyzed Enh. Fission Core | -5/Factory | Scanalyzed Adv. KE Penetrator | -5/Factory | Scanalyzed Imp. System Shield | -5/Factory | Scanalyzed Com. Particle Reactor | -5/Factory | Hacked Adv. Cryofiber Web | -5/Factory | Hacked Exp. Heat Sink | -5/Factory | Hacked Adv. Hardlight Generator | -5/Factory | Hacked Exp. Focal Shield | -4/Factory | Scanalyzed Imp. Energy Mantle | -4/Factory | Scanalyzed Ovr. Beamcaster | -4/Factory | Scanalyzed Adv. Kinecellerator | -4/Factory | Scanalyzed Exp. Coolant Injector | -4/Factory | Scanalyzed Exp. Optical Array | -4/Factory | Scanalyzed Exp. Core Analyzer | -4/Factory | Scanalyzed Exp. Armor Integrity Analyzer | -4/Factory | Scanalyzed Adv. Transmission Jammer | -4/Factory | Scanalyzed Antimatter Reactor | -4/Factory | Extracted Prc. Energy Filter | -4/Factory | Hacked Enh. Nova Cannon | -4/Factory | Hacked Hdn. Centrium Heavy Treads | -4/Factory | Hacked Assault Drone Bay | -4/Zhirov | Free Imp. Arc Thrower | -4/Zhirov | Free Exp. Hacking Suite | -3/Research | Scanalyzed Adv. Targeting Computer | -3/Research | Scanalyzed Fusion Bomb Launcher | -3/Research | Scanalyzed Com. HERF Cannon | -3/Research | Scanalyzed Imp. Shock Absorption System | -3/Research | Extracted Imp. Power Shielding | -3/Research | Extracted Adv. Energy Well | -3/Quarantine | Archive Hvy. Neutron Cannon | -3/Quarantine | Archive Exp. Flexi-carbon Leg | -3/Quarantine | Archive Adv. Matter Compressor | -3/Quarantine | Archive CPS Tube | -3/Quarantine | Scanalyzed Exp. Cooling System | -3/Quarantine | Scanalyzed Adv. Force Field | -3/Quarantine | Hacked Biometal Heavy Treads | -3/Quarantine | Hacked Lrn. Phase Cannon | -3/Quarantine | Archive Hvy. Tesla Rifle | -3/Quarantine | Archive Exp. Targeting Computer | -3/Quarantine | Archive Nanosword | -3/Quarantine | Archive Enh. Armored Medium Treads | -3/Section 7 | Archive Imp. Quantum Reactor | -3/Section 7 | Scanalyzed Exp. EM Disruption Field | -3/Section 7 | Scanalyzed Enh. Quantum Rifle | -3/Section 7 | Hacked Beam Splitter | -3/Section 7 | Hacked Quantum Rifle | -3/Section 7 | Scanalyzed Hdn. Centrium Wheel | -3/Section 7 | Archive Plasma Lance | -3/Section 7 | Archive Adv. Variable Charge Gun | -3/Section 7 | Archive Spectral Analyzer | -3/Section 7 | Archive Adv. Plasma Rifle | -3/Section 7 | Archive Helical Railgun | -3/Section 7 | Archive Lgt. Antimatter Cannon | -3/Section 7 | Archive Ovr. Quantum Rifle | -2/Research | Scanalyzed Energy Well | -2/Research | Scanalyzed Zero-point Reactor | -2/Research | Hacked Enh. Gamma Bomb Array | -2/Testing | Scanalyzed Thermal Barrier | -2/Testing | Scanalyzed Exp. Power Amplifier | -2/Testing | Archive Imp. Energy Well | -2/Testing | Archive Ionic Axe | -2/Testing | Archive Centrium Light Armor Plating | -2/Testing | Archive Molecular Scythe | -2/Testing | Archive Adv. Weapon Cycler | -2/Testing | Scanalyzed Exp. Shock Absorption System | -2/Testing | Archive Exp. Biometal Heavy Treads | -2/Testing | Archive Robot Schematics ------------------ O-24 Administrator | -6/Factory | Hacked A-02 Transporter | -6/Factory | Hacked P-60 Hacker | -6/Factory | Hacked M-28 Smith | -6/Factory | Hacked H-77 Assassin | -5/Factory | Hacked M-36 Artificer | -5/Factory | Hacked I-47 Archangel | -5/Factory | Hacked B-60 Warrior | -5/Factory | Hacked P-70 Sage | -5/Factory | Hacked A-15 Conveyor | -3/Quarantine | Archive M-30 Cleanser | -3/Quarantine | Archive B-74 Champion | -3/Section 7 | Hacked E-15 Imp | -3/Section 7 | Hacked P-80 Master | -3/Section 7 | Hacked H-66 Slayer | -3/Section 7 | Hacked A-27 Freighter | -3/Section 7 | Archive C-65 Expert | -2/Testing | Archive Y-72 Warden | -1/Access | Hacked Fabricated ------------ O-24 Administrator | x1 | -6/Factory | Authchip Adv. Shield Generator | x2 | -6/Factory O-24 Administrator | x1 | -5/Factory M-36 Artificer | x1 | -5/Factory P-70 Sage | x2 | -5/Factory | Authchip P-70 Sage | x2 | -5/Factory | Authchip Adv. Hardlight Generator | x2 | -5/Factory M-36 Artificer | x1 | -5/Factory Gatling Laser | x2 | -5/Factory I-47 Archangel | x1 | -5/Factory M-36 Artificer | x1 | -5/Factory I-47 Archangel | x1 | -5/Factory Adv. Cryofiber Web | x2 | -5/Factory Exp. Heat Sink | x1 | -4/Factory P-70 Sage | x2 | -4/Factory O-24 Administrator | x1 | -4/Factory O-24 Administrator | x1 | -4/Factory M-36 Artificer | x1 | -4/Factory Centrium Medium Armor Plating | x1 | -4/Factory P-70 Sage | x2 | -4/Factory P-70 Sage | x2 | -3/Research Hdn. Centrium Heavy Treads | x1 | -3/Research Ovr. Quantum Rifle | x1 | -2/Research Adv. Hardlight Generator | x2 | -2/Research Exp. EM Disruption Field | x1 | -2/Research Com. HERF Cannon | x1 | -2/Research Hdn. Centrium Heavy Treads | x1 | -2/Research Beam Splitter | x1 | -2/Testing Prc. Energy Filter | x1 | -1/Access Alien Tech Used ----------------- Integrated Dissipator Core Cannon Integrated Thermoelectric Network Subatomic Replicator Integrated Reactor Phase Armor LRC Matter Compressor LRC Inertial Stabilizer Supercharged Sigix Terminator Spacefold Activator Achievements -------------- Sniper WMD Challenges ------------ Fragile Parts Game ------ Seed ScrapoidGodCycler Manual? 0 Play Time 10:31:56 Cumulative 500.2 hours Start 2024.09.25 @ 17:28:14 End 2024.10.01 @ 21:05:06 Sessions 25 Manual Loads 0 Difficulty Explorer Special Mode None Game No. 61 Rogue 6 Adventurer 6 Explorer 49 Win Type - Total 35 Types 13/7/2/5/1/1/1/3/2 Lore% 84 Gallery% 85 Achievement% 90 Wizard Run 0 Options --------- Layout 1 ASCII 0 Keyboard 0 Movement Mouse Keybinds 0 Fullscreen 1 Font 24/Smallcaps Map View 50x35 Zoom Use 0% Tactical HUD 1 Map Filters NONE Filters NONE Steam 1 RUN: 0887f460-b04d-4530-b1da-a5be8def100f